Workbook
Name JR_PAGE_ANCHOR_0_1: 'M1'!#REF!

Sheet Canteiro de Obras ND 
C2: CONTRATAÇÃO DE EMPRESA ESPECIALIZADA PARA A REALIZAÇÃO DAS OBRAS CIVIS DO TRECHO SAMAMBAIA DA EXPANSÃO DA LINHA 1 DO METRÔ-DF
B5: OBRA:Expansão Samambaia - Obras civis
B6: DATA-BASE: Abril/2022 | D6: ENCARGOS SOCIAIS NÃO DESONERADOS: | E6: SINAPI - 110,14% (HORA)
E7: SINAPI - 70,03% (MÊS)
E8: SICRO - CONFORME CATEGORIA
B9: CÁLCULO CANTEIRO DE OBRAS
B10: 1.0 | C10: CARACTERÍSTICAS DO EMPREENDIMENTO
B11: 1.1 | C11: MÃO DE OBRA | D11: Funcionário/mês
C12: Mão de obra ordinária média no período do empreendimento | D12: =NMO!E81 -> 122.80629
C13: Mão de obra parcela fixa da administração local | D13: 35
C14: Mão de obra parcela variável da administração local | D14: 12.72
B15: 1.2 | C15: DISTÂNCIA | D15: KM
C16: Distância entre o canteiro e a cidade mais próxima | D16: 0
B17: 1.3 | C17: CARACTERIZAÇÃO DA MÃO DE OBRA | D17: COEFICENTE | E17: Funcionário/mês
C18: Número de funcionários da mão de obra ordinária no mês de pico (NMO) | D18: 1.33 | E18: =D18*D12 -> 163.33236
C19: Número de funcionários da parcela variável no mês de pico (NPV) | D19: 1.33 | E19: =D19*D14 -> 16.9176
C20: Número de funcionários da parcela fixa da administração local (NPF) | D20: 1.33 | E20: =D13*1.33 -> 46.55
C21: Número de funcionários das parcelas fixa e vinculada (NPF-V) | D21: - | E21: 31
C22: Número de funcionários alojados no canteiro (NFA) | D22: - | E22: 0
C23: Número máximo de funcionários (NMAX) | D23: - | E23: =SUM(E18,E19,E20,E21,E22) -> 257.79996
B24: 1.4 | C24: FATOR DO PADRÃO DE CONSTRUÇÃO (K1) TABELA 38 | D24: VALOR K1
C25: Padrão de construção provisório | D25: 0.8
B26: 1.5 | C26: FATOR DE MOBILIÁRIO E APARELHAGEM (K2) TABELA 58 | D26: VALOR K2
C27: Construção ferroviária/edificação | D27: 1.05
B28: 1.6 | C28: FATOR DE DISTÂNCIA DO CANTEIRO AOS CENTROS FORNECEDORES (K3) TABELA 59 | D28: VALOR K3
C29: Rodovia pavimentada DMT menor que 50,00 kM | D29: 1
B30: 1.7 | C30: CUSTO MÉDIO DA CONSTRUÇÃO CIVIL ( CMCC) SINAPI
C31: Unidade Federativa : | D31: Brasília - DF
C32: Mês-base: | D32: 44652
C33: Forma de Tributação : | D33: Não desonerado
C34: Custo médio : | D34: ='Tabela 53_Centro Oeste ND'!C544 -> 1718.15
B35: 2.0 | C35: CANTEIROS DE OBRA
B36: 2.1 | C36: DIMENSIONAMENTO DAS ÁREAS VARIÁVEIS TABELA 40 | D36: ÁREA ( M²) | E36: =SUM(D37:D40) -> 1130.4624
C37: Escritório e seção técnica | D37: =517.95+(4.5*E20) -> 727.425
C38: Refeitório e cozinha | D38: =1.55*(0.5*E23) -> 199.79497
C39: Banheiros e vestiário | D39: =0.77*(E18+E19) -> 138.79247
C40: Ambulatório | D40: =0.25*E23 -> 64.44999
B41: 2.2 | C41: DIMENSIONAMENTO DAS ÁREAS FIXAS TABELA 41 | D41: ÁREA ( M²) | E41: =SUM(D42:D46) -> 446.54
C42: Almoxarifado | D42: 104.88
C43: Depósito de cimento | D43: 93.45
C44: Oficina | D44: 215.14
C45: Topografia | D45: 14.77
C46: Guarita | D46: 18.3
C47: Laboratórios | D47: 93.45
B48: 2.3 | C48: CÁLCULO DAS EQUIVALÊNCIA DE ÁREAS TABELA 49
C49: Fator de Equivalência de Áreas Cobertas | D49: FEAC | E49: ÁREA EQUIVALENTE (M²)
C50: Escritório e seção técnica | D50: 0.7 | E50: =D50*D37 -> 509.1975
C51: Refeitório e cozinha | D51: 0.7 | E51: =D38*D51 -> 139.85648
C52: Banheiros e vestiário | D52: 0.7 | E52: =D52*D39 -> 97.154728
C53: Guarita | D53: 0.7 | E53: =D53*D46 -> 12.81
C54: Ambulatório | D54: 0.6 | E54: =D54*D40 -> 38.669994
C55: Sala de topografia | D55: 0.6 | E55: =D55*D45 -> 8.862
C56: Laboratórios | D56: 0.6 | E56: =D56*D47 -> 56.07
C57: Almoxarifado | D57: 0.5 | E57: =D57*D42 -> 52.44
C58: Depósito de cimento | D58: 0.5 | E58: =D58*D43 -> 46.725
C59: Oficina | D59: 0.5 | E59: 0.25
B60: 2.4 | C60: CÁLCULO DAS ÁREAS DESCORBERTAS
C61: Área total de referência do terreno ( total do terreno ) (M²): | D61: =((E41+E36)/0.33) -> 4778.7952
C62: Área total descoberta (M²): | D62: =D61-(E36+E41) -> 3201.7928
C63: Fator de Equivalência de Áreas Cobertas | D63: FEAD | E63: ÁREA EQUIVALENTE (M²)
C64: Área descorberta do terreno equivalente: | D64: 0.05 | E64: =D64*D62 -> 160.08964
B65: 3.0 | C65: CÁCULO DO CUSTO DE INSTALAÇÃO DOS CANTEIROS DE OBRAS
C73: CUSTO TOTAL DO CANTEIRO DE OBRAS E SUAS INSTALAÇÕES (SEM BDI - NÃO DESONERADO): | D73: =((D25*D27*D29*(SUM(E50:E59)))+(D64*D62))*D34 -> 1663512.2 | E73: 1
B74: SE0075 | C74: CUSTO DO CANTEIRO DE OBRAS PRINCIAL E SUAS INSTALAÇÕES (SEM BDI - NÃO DESONERADO): | D74: =TRUNC((D73*0.6),2) -> 998107.31 | E74: 0.6
B75: SE0076 | C75: CUSTO DO CANTEIRO DE OBRAS AUXILIAR (ESTAÇÃO 35) E SUAS INSTALAÇÕES (SEM BDI - NÃO DESONERADO): | D75: =TRUNC((D73*0.2),2) -> 332702.43 | E75: 0.2
B76: SE0077 | C76: CUSTO DO CANTEIRO DE OBRAS AUXILIAR (ESTAÇÃO 36) E SUAS INSTALAÇÕES (SEM BDI - NÃO DESONERADO): | D76: =TRUNC((D73*0.2),2) -> 332702.43 | E76: 0.2
B77: Metodologia SICRO 2017 - Volume 07 Canteiro de Obras
D80: 998107.31
D81: 332702.43
D82: 332702.43

Sheet Tabelas de Referência (SICRO)

Sheet Canteiro de Obras D
C2: Orçamento Referencial para a contratação de empresa para obras da Expansão do METRÔ-DF - Samambaia
B5: OBRA:Expansão Samambaia - Obras civis
B6: DATA-BASE: Abril/2022 | D6: ENCARGOS SOCIAIS DESONERADOS: | E6: SINAPI - 81,53% (HORA)
E7: SINAPI - 46,62% (MÊS)
E8: SICRO - CONFORME CATEGORIA
B9: CÁLCULO CANTEIRO DE OBRAS
B10: 1.0 | C10: CARACTERÍSTICAS DO EMPREENDIMENTO
B11: 1.1 | C11: MÃO DE OBRA | D11: Funcionário/mês
C12: Mão de obra ordinária média no período do empreendimento | D12: =NMO!E81 -> 122.80629
C13: Mão de obra parcela fixa da administração local | D13: 35
C14: Mão de obra parcela variável da administração local | D14: 12.44
B15: 1.2 | C15: DISTÂNCIA | D15: KM
C16: Distância entre o canteiro e a cidade mais próxima | D16: 0
B17: 1.3 | C17: CARACTERIZAÇÃO DA MÃO DE OBRA | D17: COEFICENTE | E17: Funcionário/mês
C18: Número de funcionários da mão de obra ordinária no mês de pico (NMO) | D18: 1.33 | E18: =D18*D12 -> 163.33236
C19: Número de funcionários da parcela variável no mês de pico (NPV) | D19: 1.33 | E19: =D19*D14 -> 16.5452
C20: Número de funcionários da parcela fixa da administração local (NPF) | D20: 1.33 | E20: =D13*1.33 -> 46.55
C21: Número de funcionários das parcelas fixa e vinculada (NPF-V) | D21: - | E21: 31
C22: Número de funcionários alojados no canteiro (NFA) | D22: - | E22: 0
C23: Número máximo de funcionários (NMAX) | D23: - | E23: =SUM(E18,E19,E20,E21,E22) -> 257.42756
B24: 1.4 | C24: FATOR DO PADRÃO DE CONSTRUÇÃO (K1) TABELA 38 | D24: VALOR K1
C25: Padrão de construção provisório | D25: 0.8
B26: 1.5 | C26: FATOR DE MOBILIÁRIO E APARELHAGEM (K2) TABELA 58 | D26: VALOR K2
C27: Construção ferroviária/edificação | D27: 1.05
B29: 1.6 | C29: FATOR DE DISTÂNCIA DO CANTEIRO AOS CENTROS FORNECEDORES (K3) TABELA 59 | D29: VALOR K3
C30: Rodovia pavimentada DMT menor que 50,00 kM | D30: 1
B31: 1.7 | C31: CUSTO MÉDIO DA CONSTRUÇÃO CIVIL ( CMCC) SINAPI
C32: Unidade Federativa : | D32: Brasília - DF
C33: Mês-base: | D33: 44652
C34: Forma de Tributação : | D34: Desonerado
C35: Custo médio : | D35: ='Tabela 53_Centro Oeste D'!C238 -> 1626.25
B37: 2.0 | C37: CANTEIROS DE OBRA
B38: 2.1 | C38: DIMENSIONAMENTO DAS ÁREAS VARIÁVEIS TABELA 40 | D38: ÁREA ( M²) | E38: =SUM(D39:D42) -> 1129.794
C39: Escritório e seção técnica | D39: =517.95+(4.5*E20) -> 727.425
C40: Refeitório e cozinha | D40: =1.55*(0.5*E23) -> 199.50636
C41: Banheiros e vestiário | D41: =0.77*(E18+E19) -> 138.50572
C42: Ambulatório | D42: =0.25*E23 -> 64.35689
B43: 2.2 | C43: DIMENSIONAMENTO DAS ÁREAS FIXAS TABELA 41 | D43: ÁREA ( M²) | E43: =SUM(D44:D48) -> 446.54
C44: Almoxarifado | D44: 104.88
C45: Depósito de cimento | D45: 93.45
C46: Oficina | D46: 215.14
C47: Topografia | D47: 14.77
C48: Guarita | D48: 18.3
C49: Laboratórios | D49: 93.45
B50: 2.3 | C50: CÁLCULO DAS EQUIVALÊNCIA DE ÁREAS TABELA 49
C51: Fator de Equivalência de Áreas Cobertas | D51: FEAC | E51: ÁREA EQUIVALENTE (M²)
C52: Escritório e seção técnica | D52: 0.7 | E52: =D52*D39 -> 509.1975
C53: Refeitório e cozinha | D53: 0.7 | E53: =D40*D53 -> 139.65445
C54: Banheiros e vestiário | D54: 0.7 | E54: =D54*D41 -> 96.954004
C55: Guarita | D55: 0.7 | E55: =D55*D48 -> 12.81
C56: Ambulatório | D56: 0.6 | E56: =D56*D42 -> 38.614134
C57: Sala de topografia | D57: 0.6 | E57: =D57*D47 -> 8.862
C58: Laboratórios | D58: 0.6 | E58: =D58*D49 -> 56.07
C59: Almoxarifado | D59: 0.5 | E59: =D59*D44 -> 52.44
C60: Depósito de cimento | D60: 0.5 | E60: =D60*D45 -> 46.725
C61: Oficina | D61: 0.5 | E61: 0.25
B62: 2.4 | C62: CÁLCULO DAS ÁREAS DESCORBERTAS
C63: Área total de referência do terreno ( total do terreno ) (M²): | D63: =((E43+E38)/0.33) -> 4776.7696
C64: Área total descoberta (M²): | D64: =D63-(E38+E43) -> 3200.4356
C65: Fator de Equivalência de Áreas Cobertas | D65: FEAD | E65: ÁREA EQUIVALENTE (M²)
C66: Área descorberta do terreno equivalente: | D66: 0.05 | E66: =D66*D64 -> 160.02178
B68: 3.0 | C68: CÁCULO DO CUSTO DE INSTALAÇÃO DOS CANTEIROS DE OBRAS
C76: CUSTO TOTAL DO CANTEIRO DE OBRAS E SUAS INSTALAÇÕES (SEM BDI - DESONERADO): | D76: =((D25*D27*D30*(SUM(E52:E61)))+(D66*D64))*D35 -> 1573797.8 | E76: 1
B77: SE0075 | C77: CUSTO DO CANTEIRO DE OBRAS PRINCIAL E SUAS INSTALAÇÕES (SEM BDI - DESONERADO): | D77: =TRUNC((D76*0.6),2) -> 944278.68 | E77: 0.6
B78: SE0076 | C78: CUSTO DO CANTEIRO DE OBRAS AUXILIAR (ESTAÇÃO 35) E SUAS INSTALAÇÕES (SEM BDI - DESONERADO): | D78: =TRUNC((D76*0.2),2) -> 314759.56 | E78: 0.2
B79: SE0077 | C79: CUSTO DO CANTEIRO DE OBRAS AUXILIAR (ESTAÇÃO 36) E SUAS INSTALAÇÕES (SEM BDI - DESONERADO): | D79: =TRUNC((D76*0.2),2) -> 314759.56 | E79: 0.2
B80: Metodologia SICRO 2017 - Volume 07 Canteiro de Obras
D83: 944278.68
D84: 314759.56
D85: 314759.56

Sheet NMO
C2: CONTRATAÇÃO DE EMPRESA ESPECIALIZADA PARA A REALIZAÇÃO DAS OBRAS CIVIS DO TRECHO SAMAMBAIA DA EXPANSÃO DA LINHA 1 DO METRÔ-DF
B3: MEMÓRIA DE CÁCULO QUANTIDADE MÃO DE OBRA ORDINÁRIA MÉDIA
B4: 1.0 | D4: QUANTIDADE DE HORAS MÃO DE OBRA ORDINÁRIA TOTAL
B5: CÓDIGO | C5: FONTE | D5: DESCRIÇÃO | E5: UNIDADE | F5: QUANTIDADE
B6: P9824 | C6: SICRO3 | D6: Servente | E6: H | F6: 201499.63
B7: 00001213 | C7: SINAPI | D7: Carpinteiro De Formas (Horista) | E7: H | F7: 114470.28
B8: 00000378 | C8: SINAPI | D8: Armador (Horista) | E8: H | F8: 91670.048
B9: 00006111 | C9: SINAPI | D9: Servente De Obras | E9: H | F9: 100363.42
B10: 00004750 | C10: SINAPI | D10: Pedreiro (Horista) | E10: H | F10: 58401.166
B11: P9801 | C11: SICRO3 | D11: Ajudante | E11: H | F11: 54225.149
B12: 00002436 | C12: SINAPI | D12: Eletricista (Horista) | E12: H | F12: 36992.229
B13: P9830 | C13: SICRO3 | D13: Montador | E13: H | F13: 22887.281
B14: 00000247 | C14: SINAPI | D14: Ajudante De Eletricista (Horista) | E14: H | F14: 36966.341
B15: 00006117 | C15: SINAPI | D15: Carpinteiro Auxiliar (Horista) | E15: H | F15: 28769.098
B16: P9805 | C16: SICRO3 | D16: Armador | E16: H | F16: 15785.125
B17: 00004783 | C17: SINAPI | D17: Pintor (Horista) | E17: H | F17: 11801.323
... B73: 00004233 | C73: SINAPI | D73: Operador De Usina De Asfalto, De Solos Ou De Concreto | E73: H | F73: 0.0792595
B74: M1 | C74: TABELA M1 | D74: Motoristas E Operadores De Equipamentos (Sicro) | E74: H | F74: ='M1'!F61 -> 99918.679
E75: TOTAL | F75: =SUM(F6:F74) -> 1008491.4
B77: 2.0 | D77: NÚMERO DE FUNCIONÁRIOS DA MÃO DE OBRA ORDINÁRIA NO MÊS DE PICO (NMO)
D78: Duração da obra* (meses): | E78: 45
D79: Produção mensal teórica (H) 1,00 funcionário: | E79: 182.49
D80: Horas médias trabalhadas/mês (H): | E80: =F75/E78 -> 22410.919
D81: Número de funcionários/mês: | E81: =E80/E79 -> 122.80629
D82: Número de funcionários/mês pico (x 1,33): | E82: =E81*1.33 -> 163.33236
B84: Metodologia SICRO 2017 - Volume 07 Canteiro de Obras
B85: * A partir do primeiro mês de implatação do canteiro de obras

Sheet M1
C2: CONTRATAÇÃO DE EMPRESA ESPECIALIZADA PARA A REALIZAÇÃO DAS OBRAS CIVIS DO TRECHO SAMAMBAIA DA EXPANSÃO DA LINHA 1 DO METRÔ-DF
B3: M1 | C3: QUANTITATIVO DE MÃO DE OBRA ORDINÁRIA MOTORISTAS E OPERADORES DE EQUIPAMENTOS
B4: CÓDIGO | C4: DESCRIÇÃO | D4: TIPO | E4: UNIDADE | F4: QUANTIDADE
B5: E9579 | C5: Caminhão basculante com capacidade de 10 m³ - 188 kW | D5: Equipamento | E5: H | F5: =G5+H5 -> 1839.4137 | G5: {=VLOOKUP(B5,'Curva ABC de Insumos'!A:Q,6,FALSE)} -> 1.674,6540272 | H5: =VLOOKUP(B5,'Curva ABC de Insumos'!A:Q,7,FALSE) -> 164,7596912
B6: E9667 | C6: Caminhão basculante com capacidade de 14 m³ - 188 kW | D6: Equipamento | E6: H | F6: =G6+H6 -> 37491.553 | G6: =VLOOKUP(B6,'Curva ABC de Insumos'!A:Q,6,FALSE) -> 36.216,2596390 | H6: =VLOOKUP(B6,'Curva ABC de Insumos'!A:Q,7,FALSE) -> 1.275,2928723
B7: E9506 | C7: Caminhão basculante com capacidade de 6 m³ - 136 kW | D7: Equipamento | E7: H | F7: =G7+H7 -> 804.74857 | G7: =VLOOKUP(B7,'Curva ABC de Insumos'!A:Q,6,FALSE) -> 802,0669256 | H7: =VLOOKUP(B7,'Curva ABC de Insumos'!A:Q,7,FALSE) -> 2,6816445
B8: E9145 | C8: Caminhão basculante para concreto com capacidade de 7 m³ - 188 kW | D8: Equipamento | E8: H | F8: =G8+H8 -> 4.911493 | G8: =VLOOKUP(B8,'Curva ABC de Insumos'!A:Q,6,FALSE) -> 3,7327185 | H8: =VLOOKUP(B8,'Curva ABC de Insumos'!A:Q,7,FALSE) -> 1,1787745
B9: E9604 | C9: Caminhão basculante para rocha com capacidade de 8 m³ - 210 kW | D9: Equipamento | E9: H | F9: =G9+H9 -> 1.1538421 | G9: =VLOOKUP(B9,'Curva ABC de Insumos'!A:Q,6,FALSE) -> 0,9692246 | H9: =VLOOKUP(B9,'Curva ABC de Insumos'!A:Q,7,FALSE) -> 0,1846175
B10: E9600 | C10: Caminhão betoneira com capacidade de 8 m³ - 188 kW | D10: Equipamento | E10: H | F10: =G10+H10 -> 886.19161 | G10: =VLOOKUP(B10,'Curva ABC de Insumos'!A:Q,6,FALSE) -> 708,9530250 | H10: =VLOOKUP(B10,'Curva ABC de Insumos'!A:Q,7,FALSE) -> 177,2385873
B11: E9592 | C11: Caminhão carroceria com capacidade de 15 t - 188 kW | D11: Equipamento | E11: H | F11: =G11+H11 -> 1861.9279 | G11: =VLOOKUP(B11,'Curva ABC de Insumos'!A:Q,6,FALSE) -> 1.316,4329468 | H11: =VLOOKUP(B11,'Curva ABC de Insumos'!A:Q,7,FALSE) -> 545,4949246
B12: E9687 | C12: Caminhão carroceria com capacidade de 5 t - 115 kW | D12: Equipamento | E12: H | F12: =G12+H12 -> 356.01336 | G12: =VLOOKUP(B12,'Curva ABC de Insumos'!A:Q,6,FALSE) -> 166,2715845 | H12: =VLOOKUP(B12,'Curva ABC de Insumos'!A:Q,7,FALSE) -> 189,7417793
B13: E9686 | C13: Caminhão carroceria com guindauto com capacidade de 20 t.m - 136 kW | D13: Equipamento | E13: H | F13: =G13+H13 -> 2851.663 | G13: =VLOOKUP(B13,'Curva ABC de Insumos'!A:Q,6,FALSE) -> 2.851,6629975 | H13: =VLOOKUP(B13,'Curva ABC de Insumos'!A:Q,7,FALSE) -> 0,0000000
B14: E9041 | C14: Caminhão carroceria com guindauto com capacidade de 45 t.m - 188 kW | D14: Equipamento | E14: H | F14: =G14+H14 -> 36.096919 | G14: =VLOOKUP(B14,'Curva ABC de Insumos'!A:Q,6,FALSE) -> 36,0969186 | H14: =VLOOKUP(B14,'Curva ABC de Insumos'!A:Q,7,FALSE) -> 0,0000000
B15: E9644 | C15: Caminhão demarcador de faixas com sistema de pintura a frio - 28 kW/115 kW | D15: Equipamento | E15: H | F15: =G15+H15 -> 36.165508 | G15: =VLOOKUP(B15,'Curva ABC de Insumos'!A:Q,6,FALSE) -> 36,1655081 | H15: =VLOOKUP(B15,'Curva ABC de Insumos'!A:Q,7,FALSE) -> 0,0000000
B16: E9645 | C16: Caminhão demarcador de faixas com sistema de pintura a quente - 5 kW/30,10 kW/136 kW | D16: Equipamento | E16: H | F16: =G16+H16 -> 12.862578 | G16: =VLOOKUP(B16,'Curva ABC de Insumos'!A:Q,6,FALSE) -> 12,8625785 | H16: =VLOOKUP(B16,'Curva ABC de Insumos'!A:Q,7,FALSE) -> 0,0000000
B17: E9027 | C17: Caminhão distribuidor de cimento e cal com capacidade de 17 m³ - 210 kW | D17: Equipamento | E17: H | F17: =G17+H17 -> 77.017231 | G17: =VLOOKUP(B17,'Curva ABC de Insumos'!A:Q,6,FALSE) -> 24,6457347 | H17: =VLOOKUP(B17,'Curva ABC de Insumos'!A:Q,7,FALSE) -> 52,3714959
... B60: E9588 | C60: Vibroacabadora de concreto sobre esteiras com fôrmas deslizantes - 205 kW | D60: Equipamento | E60: H | F60: =G60+H60 -> 1.2278824 | G60: =VLOOKUP(B60,'Curva ABC de Insumos'!A:Q,6,FALSE) -> 1,0191384 | H60: =VLOOKUP(B60,'Curva ABC de Insumos'!A:Q,7,FALSE) -> 0,2087440
E61: TOTAL (H): | F61: =SUM(F5:F60) -> 99918.679
B63: Metodologia SICRO 2017 - Volume 07 Canteiro de Obras

Sheet Tabela 53_Centro Oeste ND
A1: SISTEMA NACIONAL DE PESQUISA DE CUSTOS E ÍNDICES DA CONSTRUÇÃO CIVIL - SINAPI
A2: REGIÃO CENTRO-OESTE
A3: Custo Médio em R$/m²
A4: VALORES A PARTIR DE MAIO/2013 CASO A DESONERAÇÃO DA FOLHA DE PAGAMENTO DOS SALÁRIOS NÃO TIVESSE OCORRIDO
A6: MATO GROSSO DO SUL | H6: MATO GROSSO | O6: GOIÁS
A7: ANO | C7: Valores em R$/m² | D7: Variações % | H7: ANO | J7: Valores em R$/m² | K7: Variações % | O7: ANO | Q7: Valores em R$/m² | R7: Variações %
A8: / | D8: Mês | E8: Acumuladas | H8: / | K8: Mês | L8: Acumuladas | O8: / | R8: Mês | S8: Acumuladas
A9: MÊS | E9: Ano | F9: 12 Meses | H9: MÊS | L9: Ano | M9: 12 Meses | O9: MÊS | S9: Ano | T9: 12 Meses
A10: 2001 | B10: JAN | C10: 303.11 | D10: 0.34 | E10: 0.34 | F10: 5.22 | H10: 2001 | I10: JAN | J10: 288.86 | K10: 0.89 | L10: 0.89 | M10: 3.16 | O10: 2001 | P10: JAN | Q10: 304.59 | R10: 0.04 | S10: 0.04 | T10: 6.63
B11: FEV | C11: 304.63 | D11: 0.50146811 | E11: 0.84 | F11: 6.13 | I11: FEV | J11: 289.9 | K11: 0.360036 | L11: 1.26 | M11: 2.93 | P11: FEV | Q11: 303.82 | R11: -0.25279884 | S11: -0.21 | T11: 6.56
B12: MAR | C12: 305.5 | D12: 0.28559236 | E12: 1.13 | F12: 6.36 | I12: MAR | J12: 291.11 | K12: 0.41738531 | L12: 1.68 | M12: 3.49 | P12: MAR | Q12: 304.53 | R12: 0.233691 | S12: 0.02 | T12: 4.98 | W12: <- | X12: Extraído de: | Y12: http://www.cbicdados.com.br/menu/custo-da-construcao/sinapiibge
B13: ABR | C13: 308 | D13: 0.81833061 | E13: 1.96 | F13: 7.35 | I13: ABR | J13: 293.24 | K13: 0.73168218 | L13: 2.42 | M13: 4.68 | P13: ABR | Q13: 307.56 | R13: 0.99497586 | S13: 1.02 | T13: 5.39 | X13: Custo Médio do m² na Construção Civil – Estados da Federação - Valores a partir de maio/2013 caso a desoneração da folha de pagamento dos salários não tivesse ocorrido
B14: MAI | C14: 307.95 | D14: -0.016233766 | E14: 1.94 | F14: 7.17 | I14: MAI | J14: 293.23 | K14: -0.003410176 | L14: 2.42 | M14: 4.72 | P14: MAI | Q14: 307.54 | R14: -0.0065027962 | S14: 1.01 | T14: 4.97
B15: JUN | C15: 315.52 | D15: 2.4581913 | E15: 4.45 | F15: 9.27 | I15: JUN | J15: 298.49 | K15: 1.7938137 | L15: 4.26 | M15: 6.61 | P15: JUN | Q15: 319.25 | R15: 3.8076348 | S15: 4.86 | T15: 9.04
B16: JUL | C16: 317.44 | D16: 0.60851927 | E16: 5.08 | F16: 7.25 | I16: JUL | J16: 301.45 | K16: 0.99165801 | L16: 5.29 | M16: 7.28 | P16: JUL | Q16: 321.98 | R16: 0.85512921 | S16: 5.75 | T16: 7.01
B17: AGO | C17: 320.44 | D17: 0.94506048 | E17: 6.07 | F17: 7.65 | I17: AGO | J17: 310.38 | K17: 2.9623486 | L17: 8.41 | M17: 9.23 | P17: AGO | Q17: 325.67 | R17: 1.1460339 | S17: 6.97 | T17: 7.51
B18: SET | C18: 322.91 | D18: 0.77081513 | E18: 6.89 | F18: 7.91 | I18: SET | J18: 316.16 | K18: 1.8622334 | L18: 10.43 | M18: 11.09 | P18: SET | Q18: 327.31 | R18: 0.50357724 | S18: 7.51 | T18: 7.99
B19: OUT | C19: 324.16 | D19: 0.38710477 | E19: 7.31 | F19: 8.31 | I19: OUT | J19: 320.44 | K19: 1.3537449 | L19: 11.92 | M19: 12.38 | P19: OUT | Q19: 330.22 | R19: 0.88906541 | S19: 8.46 | T19: 8.78
B20: NOV | C20: 324.27 | D20: 0.03393386 | E20: 7.34 | F20: 7.75 | I20: NOV | J20: 321.25 | K20: 0.25277743 | L20: 12.21 | M20: 12.39 | P20: NOV | Q20: 330.88 | R20: 0.19986676 | S20: 8.68 | T20: 8.68
B21: DEZ | C21: 328.19 | D21: 1.2088692 | E21: 8.64 | F21: 8.64 | I21: DEZ | J21: 323.34 | K21: 0.65058366 | L21: 12.94 | M21: 12.94 | P21: DEZ | Q21: 333.33 | R21: 0.74044971 | S21: 9.48 | T21: 9.48
A22: 2002 | B22: JAN | C22: 330.9 | D22: 0.82574119 | E22: 0.82574119 | F22: 9.1682887 | H22: 2002 | I22: JAN | J22: 328.09 | K22: 1.4690419 | L22: 1.4690419 | M22: 13.580973 | O22: 2002 | P22: JAN | Q22: 335.18 | R22: 0.55500555 | S22: 0.55500555 | T22: 10.043009
B23: FEV | C23: 332.79 | D23: 0.57116954 | E23: 1.4016271 | F23: 9.2440009 | I23: FEV | J23: 328.99 | K23: 0.27431497 | L23: 1.7473867 | M23: 13.48396 | P23: FEV | Q23: 338.02 | R23: 0.84730593 | S23: 1.4070141 | T23: 11.256665
B24: MAR | C24: 333.58 | D24: 0.23738694 | E24: 1.6423413 | F24: 9.1914894 | I24: MAR | J24: 330.12 | K24: 0.34347549 | L24: 2.096864 | M24: 13.400433 | P24: MAR | Q24: 339.84 | R24: 0.53842968 | S24: 1.9530195 | T24: 11.594917
B25: ABR | C25: 334.14 | D25: 0.16787577 | E25: 1.8129742 | F25: 8.487013 | I25: ABR | J25: 331.7 | K25: 0.47861384 | L25: 2.5855137 | M25: 13.115537 | P25: ABR | Q25: 340.94 | R25: 0.32368173 | S25: 2.2830228 | T25: 10.853167
B26: MAI | C26: 337.03 | D26: 0.86490693 | E26: 2.6935617 | F26: 9.4430914 | I26: MAI | J26: 333.94 | K26: 0.67530901 | L26: 3.2782829 | M26: 13.8833 | P26: MAI | Q26: 353.64 | R26: 3.7249956 | S26: 6.0930609 | T26: 14.98992
B27: JUN | C27: 345.74 | D27: 2.5843397 | E27: 5.3475121 | F27: 9.5778398 | I27: JUN | J27: 335.51 | K27: 0.47014434 | L27: 3.7638399 | M27: 12.402426 | P27: JUN | Q27: 356.52 | R27: 0.81438751 | S27: 6.9570696 | T27: 11.674236
B28: JUL | C28: 347.01 | D28: 0.36732805 | E28: 5.7344831 | F28: 9.3151462 | I28: JUL | J28: 336.33 | K28: 0.24440404 | L28: 4.0174429 | M28: 11.570741 | P28: JUL | Q28: 356.55 | R28: 0.0084146752 | S28: 6.9660697 | T28: 10.736692
B29: AGO | C29: 349.96 | D29: 0.85011959 | E29: 6.6333526 | F29: 9.212333 | I29: AGO | J29: 338.45 | K29: 0.6303333 | L29: 4.6730995 | M29: 9.0437528 | P29: AGO | Q29: 356.92 | R29: 0.10377226 | S29: 7.0770708 | T29: 9.5956029
B30: SET | C30: 354.06 | D30: 1.1715625 | E30: 7.882629 | F30: 9.6466508 | I30: SET | J30: 353.56 | K30: 4.4644704 | L30: 9.346199 | M30: 11.829453 | P30: SET | Q30: 361.75 | R30: 1.3532444 | S30: 8.5260853 | T30: 10.522135
B31: OUT | C31: 355.3 | D31: 0.35022313 | E31: 8.2604589 | F31: 9.6063672 | I31: OUT | J31: 363.16 | K31: 2.7152393 | L31: 12.31521 | M31: 13.331669 | P31: OUT | Q31: 366.46 | R31: 1.3020041 | S31: 9.9390994 | T31: 10.974502
B32: NOV | C32: 361.59 | D32: 1.7703349 | E32: 10.177032 | F32: 11.508928 | I32: NOV | J32: 370.65 | K32: 2.0624518 | L32: 14.631657 | M32: 15.377432 | P32: NOV | Q32: 370.43 | R32: 1.0833379 | S32: 11.130111 | T32: 11.952974
B33: DEZ | C33: 374.3 | D33: 3.5150308 | E33: 14.049788 | F33: 14.049788 | I33: DEZ | J33: 378.41 | K33: 2.0936193 | L33: 17.031608 | M33: 17.031608 | P33: DEZ | Q33: 380.22 | R33: 2.6428745 | S33: 14.067141 | T33: 14.067141
A34: 2003 | B34: JAN | C34: 385.14 | D34: 2.8960727 | E34: 2.8960727 | F34: 16.391659 | H34: 2003 | I34: JAN | J34: 385.18 | K34: 1.7890648 | L34: 1.7890648 | M34: 17.400713 | O34: 2003 | P34: JAN | Q34: 389.84 | R34: 2.5301141 | S34: 2.5301141 | T34: 16.307656
B35: FEV | C35: 390.88 | D35: 1.4903671 | E35: 4.4296019 | F35: 17.455452 | I35: FEV | J35: 388.45 | K35: 0.84895374 | L35: 2.6532068 | M35: 18.073498 | P35: FEV | Q35: 392.99 | R35: 0.8080238 | S35: 3.3585819 | T35: 16.262351
B36: MAR | C36: 395.29 | D36: 1.1282235 | E36: 5.6078012 | F36: 18.499311 | I36: MAR | J36: 388.82 | K36: 0.095250354 | L36: 2.7509844 | M36: 17.781413 | P36: MAR | Q36: 396.2 | R36: 0.81681468 | S36: 4.2028299 | T36: 16.584275
B37: ABR | C37: 397.73 | D37: 0.61726833 | E37: 6.2596847 | F37: 19.030945 | I37: ABR | J37: 393.15 | K37: 1.1136258 | L37: 3.8952459 | M37: 18.525776 | P37: ABR | Q37: 398.34 | R37: 0.54013125 | S37: 4.765662 | T37: 16.835807
B38: MAI | C38: 401.02 | D38: 0.82719433 | E38: 7.1386588 | F38: 18.98644 | I38: MAI | J38: 394.71 | K38: 0.39679512 | L38: 4.3074972 | M38: 18.19788 | P38: MAI | Q38: 401.54 | R38: 0.80333384 | S38: 5.60728 | T38: 13.544848
B39: JUN | C39: 426.67 | D39: 6.3961897 | E39: 13.991451 | F39: 23.407763 | I39: JUN | J39: 395.75 | K39: 0.26348458 | L39: 4.5823313 | M39: 17.954755 | P39: JUN | Q39: 426.82 | R39: 6.2957613 | S39: 12.256062 | T39: 19.718389
B40: JUL | C40: 429.1 | D40: 0.5695268 | E40: 14.640663 | F40: 23.656379 | I40: JUL | J40: 397.64 | K40: 0.47757423 | L40: 5.0817896 | M40: 18.22912 | P40: JUL | Q40: 426.98 | R40: 0.037486528 | S40: 12.298143 | T40: 19.75319
B41: AGO | C41: 431.7 | D41: 0.60591937 | E41: 15.335293 | F41: 23.356955 | I41: AGO | J41: 400.66 | K41: 0.75948094 | L41: 5.8798658 | M41: 18.380854 | P41: AGO | Q41: 427.96 | R41: 0.22951895 | S41: 12.555889 | T41: 19.90362
B42: SET | C42: 434.21 | D42: 0.58142228 | E42: 16.005878 | F42: 22.637406 | I42: SET | J42: 407.02 | K42: 1.5873808 | L42: 7.5605824 | M42: 15.120489 | P42: SET | Q42: 430.89 | R42: 0.68464342 | S42: 13.326495 | T42: 19.112647
B43: OUT | C43: 434.43 | D43: 0.050666728 | E43: 16.064654 | F43: 22.27132 | I43: OUT | J43: 419.14 | K43: 2.9777407 | L43: 10.763458 | M43: 15.414693 | P43: OUT | Q43: 432.99 | R43: 0.48736336 | S43: 13.878807 | T43: 18.154778
B44: NOV | C44: 437.57 | D44: 0.72278618 | E44: 16.903553 | F44: 21.012749 | I44: NOV | J44: 420.81 | K44: 0.39843489 | L44: 11.204778 | M44: 13.532983 | P44: NOV | Q44: 433.59 | R44: 0.13857133 | S44: 14.03661 | T44: 17.050455
B45: DEZ | C45: 438.89 | D45: 0.30166602 | E45: 17.256212 | F45: 17.256212 | I45: DEZ | J45: 423.29 | K45: 0.58933961 | L45: 11.860152 | M45: 11.860152 | P45: DEZ | Q45: 434.66 | R45: 0.24677691 | S45: 14.318026 | T45: 14.318026
A46: 2004 | B46: JAN | C46: 440.43 | D46: 0.35088519 | E46: 0.35088519 | F46: 14.355819 | H46: 2004 | I46: JAN | J46: 427.78 | K46: 1.0607385 | L46: 1.0607385 | M46: 11.059764 | O46: 2004 | P46: JAN | Q46: 436.27 | R46: 0.37040445 | S46: 0.37040445 | T46: 11.910014
B47: FEV | C47: 442.17 | D47: 0.39506846 | E47: 0.74733988 | F47: 13.121674 | I47: FEV | J47: 430.25 | K47: 0.5773996 | L47: 1.6442628 | M47: 10.760716 | P47: FEV | Q47: 437.42 | R47: 0.26359823 | S47: 0.63497906 | T47: 11.305631
B48: MAR | C48: 444.76 | D48: 0.58574756 | E48: 1.337465 | F48: 12.514863 | I48: MAR | J48: 437.24 | K48: 1.6246368 | L48: 3.2956129 | M48: 12.453063 | P48: MAR | Q48: 439.73 | R48: 0.52809657 | S48: 1.1664289 | T48: 10.986875
B49: ABR | C49: 447.65 | D49: 0.64978865 | E49: 1.9959443 | F49: 12.551228 | I49: ABR | J49: 438.34 | K49: 0.25157808 | L49: 3.5554821 | M49: 11.494341 | P49: ABR | Q49: 441.5 | R49: 0.40251973 | S49: 1.5736438 | T49: 10.834965
B50: MAI | C50: 461.53 | D50: 3.1006367 | E50: 5.158468 | F50: 15.089023 | I50: MAI | J50: 442.21 | K50: 0.88287631 | L50: 4.4697489 | M50: 12.034152 | P50: MAI | Q50: 455.52 | R50: 3.1755379 | S50: 4.7991534 | T50: 13.443244
B51: JUN | C51: 464.87 | D51: 0.72367993 | E51: 5.9194787 | F51: 8.9530551 | I51: JUN | J51: 443.05 | K51: 0.189955 | L51: 4.6681944 | M51: 11.95199 | P51: JUN | Q51: 462.22 | R51: 1.4708465 | S51: 6.340588 | T51: 8.2938944
B52: JUL | C52: 467.41 | D52: 0.54638931 | E52: 6.4982114 | F52: 8.9279888 | I52: JUL | J52: 457.46 | K52: 3.2524546 | L52: 8.0724799 | M52: 15.043758 | P52: JUL | Q52: 465.21 | R52: 0.64687811 | S52: 7.028482 | T52: 8.953581
B53: AGO | C53: 471.72 | D53: 0.92210265 | E53: 7.4802342 | F53: 9.2703266 | I53: AGO | J53: 461.24 | K53: 0.82630175 | L53: 8.9654847 | M53: 15.120052 | P53: AGO | Q53: 468.28 | R53: 0.65991703 | S53: 7.7347812 | T53: 9.4214413
B54: SET | C54: 475.48 | D54: 0.79708302 | E54: 8.3369409 | F54: 9.5046176 | I54: SET | J54: 466.62 | K54: 1.166421 | L54: 10.236481 | M54: 14.643015 | P54: SET | Q54: 472.34 | R54: 0.86700265 | S54: 8.6688446 | T54: 9.6196245
B55: OUT | C55: 478.03 | D55: 0.53630016 | E55: 8.9179521 | F55: 10.036139 | I55: OUT | J55: 467.52 | K55: 0.19287643 | L55: 10.449101 | M55: 11.542683 | P55: OUT | Q55: 473.92 | R55: 0.33450481 | S55: 9.0323471 | T55: 9.4528742
B56: NOV | C56: 479.87 | D56: 0.38491308 | E56: 9.3371916 | F56: 9.6670247 | I56: NOV | J56: 471.04 | K56: 0.75290897 | L56: 11.280682 | M56: 11.936503 | P56: NOV | Q56: 475.94 | R56: 0.42623228 | S56: 9.4970782 | T56: 9.7672917
B57: DEZ | C57: 485.22 | D57: 1.1148853 | E57: 10.556176 | F57: 10.556176 | I57: DEZ | J57: 475.46 | K57: 0.93834918 | L57: 12.324884 | M57: 12.324884 | P57: DEZ | Q57: 478.59 | R57: 0.55679287 | S57: 10.10675 | T57: 10.10675
A58: 2005 | B58: JAN | C58: 488.19 | D58: 0.61209348 | E58: 0.61209348 | F58: 10.843948 | H58: 2005 | I58: JAN | J58: 480.68 | K58: 1.0978842 | L58: 1.0978842 | M58: 12.36617 | O58: 2005 | P58: JAN | Q58: 481.8 | R58: 0.67072024 | S58: 0.67072024 | T58: 10.436198
B59: FEV | C59: 489.62 | D59: 0.29291874 | E59: 0.90680516 | F59: 10.731167 | I59: FEV | J59: 483.15 | K59: 0.51385537 | L59: 1.6173811 | M59: 12.295177 | P59: FEV | Q59: 482.55 | R59: 0.15566625 | S59: 0.82743058 | T59: 10.317315
B60: MAR | C60: 490.11 | D60: 0.10007761 | E60: 1.0077903 | F60: 10.19651 | I60: MAR | J60: 484.14 | K60: 0.20490531 | L60: 1.8256005 | M60: 10.726375 | P60: MAR | Q60: 483.03 | R60: 0.099471557 | S60: 0.92772519 | T60: 9.8469515
B61: ABR | C61: 492.77 | D61: 0.5427353 | E61: 1.5559952 | F61: 10.079303 | I61: ABR | J61: 485.39 | K61: 0.25818978 | L61: 2.0885038 | M61: 10.733677 | P61: ABR | Q61: 483.92 | R61: 0.18425357 | S61: 1.1136881 | T61: 9.608154
B62: MAI | C62: 515.81 | D62: 4.6756093 | E62: 6.3043568 | F62: 11.760882 | I62: MAI | J62: 487.36 | K62: 0.40585921 | L62: 2.5028394 | M62: 10.210081 | P62: MAI | Q62: 497.87 | R62: 2.8827079 | S62: 4.0285004 | T62: 9.2970671
B63: JUN | C63: 517.77 | D63: 0.37998488 | E63: 6.7082973 | F63: 11.379525 | I63: JUN | J63: 487.63 | K63: 0.055400525 | L63: 2.5596265 | M63: 10.06207 | P63: JUN | Q63: 499.88 | R63: 0.40371985 | S63: 4.4484841 | T63: 8.1476353
B64: JUL | C64: 518.24 | D64: 0.09 | E64: 6.81 | F64: 10.87 | I64: JUL | J64: 498.44 | K64: 2.22 | L64: 4.83 | M64: 8.96 | P64: JUL | Q64: 501.24 | R64: 0.27 | S64: 4.73 | T64: 7.74
B65: AGO | C65: 520.21 | D65: 0.38 | E65: 7.21 | F65: 10.28 | I65: AGO | J65: 500.77 | K65: 0.47 | L65: 5.32 | M65: 8.57 | P65: AGO | Q65: 502.32 | R65: 0.22 | S65: 4.96 | T65: 7.27
B66: SET | C66: 521.1 | D66: 0.17108475 | E66: 7.3945839 | F66: 9.594515 | I66: SET | J66: 501.44 | K66: 0.13379396 | L66: 5.4641821 | M66: 7.4621748 | P66: SET | Q66: 503.26 | R66: 0.18713171 | S66: 5.1547253 | T66: 6.546132
B67: OUT | C67: 522.38 | D67: 0.25 | E67: 7.66 | F67: 9.28 | I67: OUT | J67: 502.76 | K67: 0.26 | L67: 5.74 | M67: 7.54 | P67: OUT | Q67: 503.73 | R67: 0.09 | S67: 5.25 | T67: 6.29
B68: NOV | C68: 523.29 | D68: 0.17 | E68: 7.85 | F68: 9.05 | I68: NOV | J68: 503.99 | K68: 0.24 | L68: 6 | M68: 7 | P68: NOV | Q68: 504.22 | R68: 0.1 | S68: 5.36 | T68: 5.94
B69: DEZ | C69: 523.38 | D69: 0.02 | E69: 7.86 | F69: 7.86 | I69: DEZ | J69: 504.57 | K69: 0.12 | L69: 6.12 | M69: 6.12 | P69: DEZ | Q69: 505.66 | R69: 0.29 | S69: 5.66 | T69: 5.66
A70: 2006 | B70: JAN | C70: 524.4 | D70: 0.19 | E70: 0.19 | F70: 7.42 | H70: 2006 | I70: JAN | J70: 506.8 | K70: 0.44 | L70: 0.44 | M70: 5.43 | O70: 2006 | P70: JAN | Q70: 506.32 | R70: 0.13 | S70: 0.13 | T70: 5.09
B71: FEV | C71: 525.16 | D71: 0.14492754 | E71: 0.34009706 | F71: 7.2586904 | I71: FEV | J71: 507.84 | K71: 0.20520916 | L71: 0.64807658 | M71: 5.1102142 | P71: FEV | Q71: 507.06 | R71: 0.14615263 | S71: 0.27686588 | T71: 5.0792664
B72: MAR | C72: 526.14 | D72: 0.1866098 | E72: 0.52734151 | F72: 7.3514109 | I72: MAR | J72: 509.08 | K72: 0.24417139 | L72: 0.89383039 | M72: 5.1514025 | P72: MAR | Q72: 507.84 | R72: 0.15382795 | S72: 0.43111972 | T72: 5.1363269
B73: ABR | C73: 526.29 | D73: 0.028509522 | E73: 0.55600138 | F73: 6.8023622 | I73: ABR | J73: 509.49 | K73: 0.08053744 | L73: 0.9750877 | M73: 4.9650796 | P73: ABR | Q73: 508.25 | R73: 0.080734089 | S73: 0.51220187 | T73: 5.0276905
B74: MAI | C74: 527.82 | D74: 0.29071424 | E74: 0.848332 | F74: 2.3283767 | I74: MAI | J74: 512.7 | K74: 0.63004181 | L74: 1.611273 | M74: 5.1994419 | P74: MAI | Q74: 510.6 | R74: 0.46237088 | S74: 0.97694103 | T74: 2.5568924
B75: JUN | C75: 533.79 | D75: 1.1310674 | E75: 1.9889946 | F75: 3.0940379 | I75: JUN | J75: 514.47 | K75: 0.34523113 | L75: 1.9620667 | M75: 5.5041732 | P75: JUN | Q75: 522.43 | R75: 2.3168821 | S75: 3.3164577 | T75: 4.5110827
B76: JUL | C76: 534.94 | D76: 0.21544053 | E76: 2.2087202 | F76: 3.2224452 | I76: JUL | J76: 515.69 | K76: 0.23713725 | L76: 2.2038567 | M76: 3.4607977 | P76: JUL | Q76: 524.25 | R76: 0.34837203 | S76: 3.6763833 | T76: 4.5906153
B77: AGO | C77: 536.81 | D77: 0.34957191 | E77: 2.5660132 | F77: 3.191019 | I77: AGO | J77: 527.54 | K77: 2.2978921 | L77: 4.5523911 | M77: 5.3457675 | P77: AGO | Q77: 526.16 | R77: 0.36433 | S77: 4.0541075 | T77: 4.7459787
B78: SET | C78: 537.77 | D78: 0.17883422 | E78: 2.7494364 | F78: 3.1990021 | I78: SET | J78: 529.28 | K78: 0.32983281 | L78: 4.8972392 | M78: 5.5520102 | P78: SET | Q78: 527.34 | R78: 0.22426638 | S78: 4.2874659 | T78: 4.7848031
B79: OUT | C79: 539.02 | D79: 0.23244138 | E79: 2.9882686 | F79: 3.1854206 | I79: OUT | J79: 531.52 | K79: 0.42321644 | L79: 5.3411816 | M79: 5.7204233 | P79: OUT | Q79: 528.55 | R79: 0.22945348 | S79: 4.5267571 | T79: 4.9272428
B80: NOV | C80: 540.45 | D80: 0.26529628 | E80: 3.2614926 | F80: 3.2792524 | I80: NOV | J80: 533.79 | K80: 0.42707706 | L80: 5.7910696 | M80: 5.9128157 | P80: NOV | Q80: 529.36 | R80: 0.15324946 | S80: 4.6869438 | T80: 4.9859188
B81: DEZ | C81: 542.33 | D81: 0.34785827 | E81: 3.6206962 | F81: 3.6206962 | I81: DEZ | J81: 536.47 | K81: 0.5020701 | L81: 6.322215 | M81: 6.322215 | P81: DEZ | Q81: 530.38 | R81: 0.19268551 | S81: 4.8886604 | T81: 4.8886604
A82: 2007 | B82: JAN | C82: 544.02 | D82: 0.31161839 | E82: 0.31161839 | F82: 3.7414188 | H82: 2007 | I82: JAN | J82: 537.51 | K82: 0.19385986 | L82: 0.19385986 | M82: 6.0595896 | O82: 2007 | P82: JAN | Q82: 531.86 | R82: 0.27904521 | S82: 0.27904521 | T82: 5.0442408
B83: FEV | C83: 545.17 | D83: 0.21138929 | E83: 0.5236664 | F83: 3.8102673 | I83: FEV | J83: 538.94 | K83: 0.26604156 | L83: 0.46041717 | M83: 6.1239761 | P83: FEV | Q83: 534.13 | R83: 0.42680405 | S83: 0.70704024 | T83: 5.3386187
B84: MAR | C84: 547.32 | D84: 0.3943724 | E84: 0.920104 | F84: 4.0255445 | I84: MAR | J84: 540.25 | K84: 0.24306973 | L84: 0.70460604 | M84: 6.1228098 | P84: MAR | Q84: 535.59 | R84: 0.2733417 | S84: 0.98231457 | T84: 5.4643195
B85: ABR | C85: 548.84 | D85: 0.27771687 | E85: 1.2003762 | F85: 4.28471 | I85: ABR | J85: 541.42 | K85: 0.2165664 | L85: 0.92269838 | M85: 6.2670514 | P85: ABR | Q85: 535.89 | R85: 0.056012995 | S85: 1.0388778 | T85: 5.4382686
B86: MAI | C86: 551.54 | D86: 0.49194665 | E86: 1.698228 | F86: 4.4939563 | I86: MAI | J86: 547.02 | K86: 1.0343172 | L86: 1.9665592 | M86: 6.6939731 | P86: MAI | Q86: 536.8 | R86: 0.16981097 | S86: 1.2104529 | T86: 5.1312182
B87: JUN | C87: 567.66 | D87: 2.9227255 | E87: 4.670588 | F87: 6.3451919 | I87: JUN | J87: 552.24 | K87: 0.95426127 | L87: 2.9395866 | M87: 7.3415359 | P87: JUN | Q87: 546.22 | R87: 1.7548435 | S87: 2.986538 | T87: 4.5537201
B88: JUL | C88: 572.2 | D88: 0.79977451 | E88: 5.5077167 | F88: 6.9652671 | I88: JUL | J88: 553.04 | K88: 0.14486455 | L88: 3.0887095 | M88: 7.2427233 | P88: JUL | Q88: 547.47 | R88: 0.22884552 | S88: 3.222218 | T88: 4.4291845
B89: AGO | C89: 573.45 | D89: 0.21845509 | E89: 5.7382037 | F89: 6.8255062 | I89: AGO | J89: 567.91 | K89: 2.6887748 | L89: 5.8605327 | M89: 7.6525003 | P89: AGO | Q89: 548.54 | R89: 0.1954445 | S89: 3.4239602 | T89: 4.253459
B90: SET | C90: 576.34 | D90: 0.50396722 | E90: 6.2710896 | F90: 7.1722112 | I90: SET | J90: 570.29 | K90: 0.41908049 | L90: 6.3041736 | M90: 7.7482618 | P90: SET | Q90: 550.88 | R90: 0.42658694 | S90: 3.8651533 | T90: 4.4639132
B91: OUT | C91: 578.24 | D91: 0.32966652 | E91: 6.6214298 | F91: 7.2761679 | I91: OUT | J91: 575.39 | K91: 0.89428186 | L91: 7.2548325 | M91: 8.2536875 | P91: OUT | Q91: 555.19 | R91: 0.78238455 | S91: 4.6777782 | T91: 5.0402043
B92: NOV | C92: 581.36 | D92: 0.53956835 | E92: 7.1967252 | F92: 7.5696179 | I92: NOV | J92: 579.77 | K92: 0.76122282 | L92: 8.0712808 | M92: 8.6138744 | P92: NOV | Q92: 559.72 | R92: 0.81593689 | S92: 5.5318828 | T92: 5.7352274
B93: DEZ | C93: 582.13 | D93: 0.13244805 | E93: 7.3387052 | F93: 7.3387052 | I93: DEZ | J93: 580.45 | K93: 0.11728789 | L93: 8.1980353 | M93: 8.1980353 | P93: DEZ | Q93: 562.59 | R93: 0.51275638 | S93: 6.0730043 | T93: 6.0730043
A94: 2008 | B94: JAN | C94: 585.65 | D94: 0.60467593 | E94: 0.60467593 | F94: 7.6522922 | H94: 2008 | I94: JAN | J94: 581.32 | K94: 0.14988371 | L94: 0.14988371 | M94: 8.150546 | O94: 2008 | P94: JAN | Q94: 563.99 | R94: 0.24884907 | S94: 0.24884907 | T94: 6.0410634
B95: FEV | C95: 586.24 | D95: 0.10074276 | E95: 0.70602786 | F95: 7.5334299 | I95: FEV | J95: 581.6 | K95: 0.048166242 | L95: 0.19812215 | M95: 7.9155379 | P95: FEV | Q95: 564.39 | R95: 0.070923243 | S95: 0.31994881 | T95: 5.6652875
B96: MAR | C96: 588.75 | D96: 0.42815229 | E96: 1.137203 | F96: 7.5696119 | I96: MAR | J96: 585.4 | K96: 0.65337001 | L96: 0.85278663 | M96: 8.357242 | P96: MAR | Q96: 568.51 | R96: 0.72999167 | S96: 1.0522761 | T96: 6.1464927
B97: ABR | C97: 590.77 | D97: 0.34309979 | E97: 1.4842046 | F97: 7.6397493 | I97: ABR | J97: 587.07 | K97: 0.28527503 | L97: 1.1404944 | M97: 8.4315319 | P97: ABR | Q97: 571.07 | R97: 0.45029991 | S97: 1.5073144 | T97: 6.5647801
B98: MAI | C98: 608.49 | D98: 2.9994753 | E98: 4.5281982 | F98: 10.325634 | I98: MAI | J98: 591.34 | K98: 0.72734086 | L98: 1.8761306 | M98: 8.1020804 | P98: MAI | Q98: 587.13 | R98: 2.8122647 | S98: 4.3619688 | T98: 9.3759314
B99: JUN | C99: 614.78 | D99: 1.0337064 | E99: 5.6087128 | F99: 8.3007434 | I99: JUN | J99: 597.81 | K99: 1.0941252 | L99: 2.990783 | M99: 8.251847 | P99: JUN | Q99: 593.59 | R99: 1.1002674 | S99: 5.5102295 | T99: 8.6723298
B100: JUL | C100: 619.01 | D100: 0.68805101 | E100: 6.3353546 | F100: 8.180706 | I100: JUL | J100: 626.37 | K100: 4.7774376 | L100: 7.9111035 | M100: 13.259439 | P100: JUL | Q100: 598.93 | R100: 0.89961084 | S100: 6.4594109 | T100: 9.3996018
B101: AGO | C101: 628.08 | D101: 1.4652429 | E101: 7.8934259 | F101: 9.5265498 | I101: AGO | J101: 634.02 | K101: 1.2213229 | L101: 9.2290464 | M101: 11.640929 | P101: AGO | Q101: 608.06 | R101: 1.5243852 | S101: 8.0822624 | T101: 10.850622
...

Sheet Tabela 53_Centro Oeste D
A1: SISTEMA NACIONAL DE PESQUISA DE CUSTOS E ÍNDICES DA CONSTRUÇÃO CIVIL - SINAPI
A2: REGIÃO CENTRO-OESTE
A3: Custo Médio em R$/m²
A4: SÉRIE COM DESONERAÇÃO DA FOLHA DE PAGAMENTO DOS SALÁRIOS
A6: MATO GROSSO DO SUL | H6: MATO GROSSO | O6: GOIÁS
A7: ANO | C7: Valores em R$/m² | D7: Variações % | H7: ANO | J7: Valores em R$/m² | K7: Variações % | O7: ANO | Q7: Valores em R$/m² | R7: Variações %
A8: / | D8: Mês | E8: Acumuladas | H8: / | K8: Mês | L8: Acumuladas | O8: / | R8: Mês | S8: Acumuladas
A9: MÊS | E9: Ano | F9: 12 Meses | H9: MÊS | L9: Ano | M9: 12 Meses | O9: MÊS | S9: Ano | T9: 12 Meses
A10: 2013 | B10: MAI | C10: 811.44 | D10: -5.32 | E10: -4.06 | F10: -0.04 | H10: =A10 -> 2013 | I10: MAI | J10: 836.67 | K10: -5.5 | L10: -5.2 | M10: 2.16 | O10: =A10 -> 2013 | P10: MAI | Q10: 789.73 | R10: -5.58 | S10: -4.77 | T10: 0.32
B11: JUN | C11: 861.15 | D11: =((C11/C10)-1)*100 -> 6.1261461 | E11: 1.82 | F11: 3.7 | I11: JUN | J11: 891.2 | K11: =((J11/J10)-1)*100 -> 6.5175039 | L11: 0.98 | M11: 8.34 | P11: JUN | Q11: 846.71 | R11: =((Q11/Q10)-1)*100 -> 7.2151242 | S11: 2.1 | T11: 7.14
B12: JUL | C12: 818.12 | D12: =((C12/C11)-1)*100 -> -4.9968066 | E12: -3.27 | F12: -1.74 | I12: JUL | J12: 840.27 | K12: =((J12/J11)-1)*100 -> -5.7147666 | L12: -4.79 | M12: 2 | P12: JUL | Q12: 837.61 | R12: =((Q12/Q11)-1)*100 -> -1.0747481 | S12: 1 | T12: 5.96
B13: AGO | C13: 850.41 | D13: =((C13/C12)-1)*100 -> 3.9468538 | E13: 0.55 | F13: 1.78 | I13: AGO | J13: 839.52 | K13: =((J13/J12)-1)*100 -> -0.089257025 | L13: -4.87 | M13: -3.1 | P13: AGO | Q13: 837.58 | R13: =((Q13/Q12)-1)*100 -> -0.0035816191 | S13: 1 | T13: 1.03
B14: SET | C14: 855.14 | D14: =((C14/C13)-1)*100 -> 0.5562023 | E14: 1.11 | F14: 2.3 | I14: SET | J14: 839.91 | K14: =((J14/J13)-1)*100 -> 0.046455117 | L14: -4.83 | M14: -4.32 | P14: SET | Q14: 838.23 | R14: =((Q14/Q13)-1)*100 -> 0.077604527 | S14: 1.08 | T14: 1.15
B15: OUT | C15: 856.38 | D15: =((C15/C14)-1)*100 -> 0.1450055 | E15: 1.26 | F15: 2.04 | I15: OUT | J15: 879.53 | K15: =((J15/J14)-1)*100 -> 4.7171721 | L15: -0.34 | M15: -0.08 | P15: OUT | Q15: 841.72 | R15: =((Q15/Q14)-1)*100 -> 0.41635351 | S15: 1.5 | T15: 1.47
B16: NOV | C16: 856.37 | D16: =((C16/C15)-1)*100 -> -0.0011677059 | E16: 1.26 | F16: 1.75 | I16: NOV | J16: 879.23 | K16: =((J16/J15)-1)*100 -> -0.034109126 | L16: -0.38 | M16: 0.03 | P16: NOV | Q16: 843.1 | R16: =((Q16/Q15)-1)*100 -> 0.16395001 | S16: 1.67 | T16: 1.49
B17: DEZ | C17: 857.45 | D17: =((C17/C16)-1)*100 -> 0.12611371 | E17: 1.38 | F17: 1.38 | I17: DEZ | J17: 883.72 | K17: =((J17/J16)-1)*100 -> 0.51067411 | L17: 0.13 | M17: 0.13 | P17: DEZ | Q17: 843.23 | R17: =((Q17/Q16)-1)*100 -> 0.015419286 | S17: 1.68 | T17: 1.68
A18: 2014 | B18: JAN | C18: 855.33 | D18: =((C18/C17)-1)*100 -> -0.24724474 | E18: =((C18/C$17)-1)*100 -> -0.24724474 | F18: 1.03 | H18: =A18 -> 2014 | I18: JAN | J18: 879.21 | K18: =((J18/J17)-1)*100 -> -0.51034264 | L18: =((J18/J$17)-1)*100 -> -0.51034264 | M18: -0.46 | O18: =A18 -> 2014 | P18: JAN | Q18: 851.38 | R18: =((Q18/Q17)-1)*100 -> 0.96652159 | S18: =((Q18/Q$17)-1)*100 -> 0.96652159 | T18: 2.49
B19: FEV | C19: 860.62 | D19: =((C19/C18)-1)*100 -> 0.61847474 | E19: =((C19/C$17)-1)*100 -> 0.36970086 | F19: 1.02 | I19: FEV | J19: 882.15 | K19: =((J19/J18)-1)*100 -> 0.3343911 | L19: =((J19/J$17)-1)*100 -> -0.17765808 | M19: -0.29 | P19: FEV | Q19: 855.07 | R19: =((Q19/Q18)-1)*100 -> 0.43341399 | S19: =((Q19/Q$17)-1)*100 -> 1.4041246 | T19: 2.85
B20: MAR | C20: 864.37 | D20: =((C20/C19)-1)*100 -> 0.43573238 | E20: =((C20/C$17)-1)*100 -> 0.80704414 | F20: 1.39 | I20: MAR | J20: 884.65 | K20: =((J20/J19)-1)*100 -> 0.28339851 | L20: =((J20/J$17)-1)*100 -> 0.10523695 | M20: 0.13 | P20: MAR | Q20: 858.19 | R20: =((Q20/Q19)-1)*100 -> 0.36488241 | S20: =((Q20/Q$17)-1)*100 -> 1.7741304 | T20: 3.27
B21: ABR | C21: 866.4 | D21: =((C21/C20)-1)*100 -> 0.23485313 | E21: =((C21/C$17)-1)*100 -> 1.0437926 | F21: 1.09 | I21: ABR | J21: 886.08 | K21: =((J21/J20)-1)*100 -> 0.16164585 | L21: =((J21/J$17)-1)*100 -> 0.26705291 | M21: 0.08 | P21: ABR | Q21: 862.27 | R21: =((Q21/Q20)-1)*100 -> 0.4754192 | S21: =((Q21/Q$17)-1)*100 -> 2.2579842 | T21: 3.09
B22: MAI | C22: 871.3 | D22: =((C22/C21)-1)*100 -> 0.56555863 | E22: =((C22/C$17)-1)*100 -> 1.6152545 | F22: =((C22/C10)-1)*100 -> 7.3770088 | I22: MAI | J22: 890.04 | K22: =((J22/J21)-1)*100 -> 0.44691224 | L22: =((J22/J$17)-1)*100 -> 0.71515865 | M22: =((J22/J10)-1)*100 -> 6.378859 | P22: MAI | Q22: 864.36 | R22: =((Q22/Q21)-1)*100 -> 0.24238348 | S22: =((Q22/Q$17)-1)*100 -> 2.5058406 | T22: =((Q22/Q10)-1)*100 -> 9.4500652
B23: JUN | C23: 902.61 | D23: =((C23/C22)-1)*100 -> 3.593481 | E23: =((C23/C$17)-1)*100 -> 5.2667794 | F23: =((C23/C11)-1)*100 -> 4.8144922 | I23: JUN | J23: 891.17 | K23: =((J23/J22)-1)*100 -> 0.12696059 | L23: =((J23/J$17)-1)*100 -> 0.8430272 | M23: =((J23/J11)-1)*100 -> -0.0033662478 | P23: JUN | Q23: 868.13 | R23: =((Q23/Q22)-1)*100 -> 0.43616086 | S23: =((Q23/Q$17)-1)*100 -> 2.952931 | T23: =((Q23/Q11)-1)*100 -> 2.5297918
B24: JUL | C24: 904.71 | D24: =((C24/C23)-1)*100 -> 0.23265862 | E24: =((C24/C$17)-1)*100 -> 5.5116916 | F24: =((C24/C12)-1)*100 -> 10.584022 | I24: JUL | J24: 891.04 | K24: =((J24/J23)-1)*100 -> -0.014587565 | L24: =((J24/J$17)-1)*100 -> 0.82831666 | M24: =((J24/J12)-1)*100 -> 6.0421055 | P24: JUL | Q24: 868.7 | R24: =((Q24/Q23)-1)*100 -> 0.065658369 | S24: =((Q24/Q$17)-1)*100 -> 3.0205282 | T24: =((Q24/Q12)-1)*100 -> 3.7117513
B25: AGO | C25: 907.11 | D25: =((C25/C24)-1)*100 -> 0.26527838 | E25: =((C25/C$17)-1)*100 -> 5.7915913 | F25: =((C25/C13)-1)*100 -> 6.6673722 | I25: AGO | J25: 933.87 | K25: =((J25/J24)-1)*100 -> 4.8067427 | L25: =((J25/J$17)-1)*100 -> 5.6748744 | M25: =((J25/J13)-1)*100 -> 11.238565 | P25: AGO | Q25: 898.69 | R25: =((Q25/Q24)-1)*100 -> 3.452285 | S25: =((Q25/Q$17)-1)*100 -> 6.5770905 | T25: =((Q25/Q13)-1)*100 -> 7.2960195
B26: SET | C26: 906.56 | D26: =((C26/C25)-1)*100 -> -0.060632117 | E26: =((C26/C$17)-1)*100 -> 5.7274477 | F26: =((C26/C14)-1)*100 -> 6.0130505 | I26: SET | J26: 933.61 | K26: =((J26/J25)-1)*100 -> -0.027841134 | L26: =((J26/J$17)-1)*100 -> 5.6454533 | M26: =((J26/J14)-1)*100 -> 11.155957 | P26: SET | Q26: 899.28 | R26: =((Q26/Q25)-1)*100 -> 0.065651114 | S26: =((Q26/Q$17)-1)*100 -> 6.6470595 | T26: =((Q26/Q14)-1)*100 -> 7.2832039
B27: OUT | C27: 908.36 | D27: =((C27/C26)-1)*100 -> 0.19855277 | E27: =((C27/C$17)-1)*100 -> 5.9373724 | F27: =((C27/C15)-1)*100 -> 6.0697354 | I27: OUT | J27: 931.85 | K27: =((J27/J26)-1)*100 -> -0.18851555 | L27: =((J27/J$17)-1)*100 -> 5.4462952 | M27: =((J27/J15)-1)*100 -> 5.9486317 | P27: OUT | Q27: 894.36 | R27: =((Q27/Q26)-1)*100 -> -0.54710435 | S27: =((Q27/Q$17)-1)*100 -> 6.0635888 | T27: =((Q27/Q15)-1)*100 -> 6.2538611
B28: NOV | C28: 907.24 | D28: =((C28/C27)-1)*100 -> -0.12329913 | E28: =((C28/C$17)-1)*100 -> 5.8067526 | F28: 5,95 (1) | I28: NOV | J28: 929.95 | K28: =((J28/J27)-1)*100 -> -0.20389548 | L28: =((J28/J$17)-1)*100 -> 5.231295 | M28: =((J28/J16)-1)*100 -> 5.768684 | P28: NOV | Q28: 897.79 | R28: =((Q28/Q27)-1)*100 -> 0.38351447 | S28: =((Q28/Q$17)-1)*100 -> 6.470358 | T28: =((Q28/Q16)-1)*100 -> 6.486775
B29: DEZ | C29: 905.66 | D29: =((C29/C28)-1)*100 -> -0.17415458 | E29: 5,63 (1) | F29: 5,63 (1) | I29: DEZ | J29: 933.62 | K29: =((J29/J28)-1)*100 -> 0.39464487 | L29: =((J29/J$17)-1)*100 -> 5.6465849 | M29: =((J29/J17)-1)*100 -> 5.6465849 | P29: DEZ | Q29: 905.88 | R29: =((Q29/Q28)-1)*100 -> 0.90110159 | S29: =((Q29/Q$17)-1)*100 -> 7.4297641 | T29: =((Q29/Q17)-1)*100 -> 7.4297641
A30: 2015 | B30: JAN | C30: 906.19 | D30: =((C30/C29)-1)*100 -> 0.058520858 | E30: =((C30/C$29)-1)*100 -> 0.058520858 | F30: 5,96 (1) | H30: 2015 | I30: JAN | J30: 933.62 | K30: =((J30/J29)-1)*100 -> 0 | L30: =((J30/J$29)-1)*100 -> 0 | M30: =((J30/J18)-1)*100 -> 6.1885101 | O30: 2015 | P30: JAN | Q30: 907.16 | R30: =((Q30/Q29)-1)*100 -> 0.14129907 | S30: =((Q30/Q$29)-1)*100 -> 0.14129907 | T30: =((Q30/Q18)-1)*100 -> 6.551716
B31: FEV | C31: 913.51 | D31: =((C31/C30)-1)*100 -> 0.80777762 | E31: =((C31/C$29)-1)*100 -> 0.86677119 | F31: 6,16 (1) | I31: FEV | J31: 934.54 | K31: =((J31/J30)-1)*100 -> 0.098541162 | L31: =((J31/J$29)-1)*100 -> 0.098541162 | M31: 5,95 (1) | P31: FEV | Q31: 912.72 | R31: =((Q31/Q30)-1)*100 -> 0.6129018 | S31: 0,75 (1) | T31: =((Q31/Q19)-1)*100 -> 6.7421381
B32: MAR | C32: 914.33 | D32: =((C32/C31)-1)*100 -> 0.089763659 | E32: =((C32/C$29)-1)*100 -> 0.9573129 | F32: 5,79 (1) | I32: MAR | J32: 933.81 | K32: =((J32/J31)-1)*100 -> -0.078113296 | L32: =((J32/J$29)-1)*100 -> 0.020350892 | M32: =((J32/J20)-1)*100 -> 5.5569999 | P32: MAR | Q32: 914.92 | R32: =((Q32/Q31)-1)*100 -> 0.24103778 | S32: 0,99 (1) | T32: =((Q32/Q20)-1)*100 -> 6.6104243
B33: ABR | C33: 913.78 | D33: =((C33/C32)-1)*100 -> -0.060153336 | E33: =((C33/C$29)-1)*100 -> 0.89658371 | F33: 5,49 (1) | I33: ABR | J33: 935.45 | K33: =((J33/J32)-1)*100 -> 0.17562459 | L33: =((J33/J$29)-1)*100 -> 0.19601123 | M33: 5,59 (1) | P33: ABR | Q33: 915.25 | R33: =((Q33/Q32)-1)*100 -> 0.036068727 | S33: =((Q33/Q$29)-1)*100 -> 1.0343533 | T33: =((Q33/Q21)-1)*100 -> 6.1442472
B34: MAI | C34: 917.55 | D34: =((C34/C33)-1)*100 -> 0.41257195 | E34: =((C34/C$29)-1)*100 -> 1.3128547 | F34: 5,32 (1) | I34: MAI | J34: 936.64 | K34: =((J34/J33)-1)*100 -> 0.1272115 | L34: 0,33 (1) | M34: 5,25 (1) | P34: MAI | Q34: 916.85 | R34: =((Q34/Q33)-1)*100 -> 0.17481562 | S34: 1,20 (1) | T34: =((Q34/Q22)-1)*100 -> 6.0727012
B35: JUN | C35: 948.49 | D35: =((C35/C34)-1)*100 -> 3.3720233 | E35: =((C35/C$29)-1)*100 -> 4.7291478 | F35: 5,09 (1) | I35: JUN | J35: 937.43 | K35: =((J35/J34)-1)*100 -> 0.084344038 | L35: =((J35/J$29)-1)*100 -> 0.40808894 | M35: 5,20 (1) | P35: JUN | Q35: 918.96 | R35: =((Q35/Q34)-1)*100 -> 0.23013579 | S35: =((Q35/Q$29)-1)*100 -> 1.4438999 | T35: 5,85 (1)
B36: JUL | C36: 953.11 | D36: =((C36/C35)-1)*100 -> 0.48709001 | E36: =((C36/C$29)-1)*100 -> 5.239273 | F36: 5,37 (1) | I36: JUL | J36: 941.25 | K36: =((J36/J35)-1)*100 -> 0.40749709 | L36: =((J36/J$29)-1)*100 -> 0.81724899 | M36: 5,64 (1) | P36: JUL | Q36: 923.21 | R36: =((Q36/Q35)-1)*100 -> 0.46247932 | S36: 1,90 (1) | T36: 6,26 (1)
B37: AGO | C37: 954.55 | D37: =((C37/C36)-1)*100 -> 0.15108434 | E37: =((C37/C$29)-1)*100 -> 5.3982731 | F37: 5,24 (1) | I37: AGO | J37: 971.4 | K37: =((J37/J36)-1)*100 -> 3.2031873 | L37: =((J37/J$29)-1)*100 -> 4.0466143 | M37: =((J37/J25)-1)*100 -> 4.0187606 | P37: AGO | Q37: 959.32 | R37: =((Q37/Q36)-1)*100 -> 3.9113528 | S37: 5,89 (1) | T37: 6,73 (1)
B38: SET | C38: 953.95 | D38: =((C38/C37)-1)*100 -> -0.062856844 | E38: 5,34 (1) | F38: 5,24 (1) | I38: SET | J38: 975.23 | K38: =((J38/J37)-1)*100 -> 0.3942763 | L38: 4,45 (1) | M38: 4,45 (1) | P38: SET | Q38: 958.95 | R38: =((Q38/Q37)-1)*100 -> -0.038568986 | S38: 5,85 (1) | T38: 6,62 (1)
B39: OUT | C39: 951.92 | D39: =((C39/C38)-1)*100 -> -0.21279941 | E39: 5,12 (1) | F39: 4,81 (1) | I39: OUT | J39: 975.57 | K39: =((J39/J38)-1)*100 -> 0.034863571 | L39: =((J39/J$29)-1)*100 -> 4.4932628 | M39: 4,68 (1) | P39: OUT | Q39: 960.96 | R39: =((Q39/Q38)-1)*100 -> 0.20960425 | S39: 6,07 (1) | T39: 7,43 (1)
B40: NOV | C40: 956.37 | D40: =((C40/C39)-1)*100 -> 0.46747626 | E40: 5,61 (1) | F40: 5,43 (1) | I40: NOV | J40: 976.53 | K40: =((J40/J39)-1)*100 -> 0.09840401 | L40: 4,59 (1) | M40: 5,00 (1) | P40: NOV | Q40: 963.68 | R40: =((Q40/Q39)-1)*100 -> 0.28305028 | S40: 6,37 (1) | T40: 7,32 (1)
B41: DEZ | C41: 957.68 | D41: =((C41/C40)-1)*100 -> 0.13697627 | E41: 5,76 (1) | F41: 5,76 (1) | I41: DEZ | J41: 980.45 | K41: =((J41/J40)-1)*100 -> 0.40142136 | L41: 5,01 (1) | M41: 5,01 (1) | P41: DEZ | Q41: 958.47 | R41: =((Q41/Q40)-1)*100 -> -0.5406359 | S41: 5,79 (1) | T41: 5,79 (1)
A42: 2016 | B42: JAN | C42: 962.22 | D42: =((C42/C41)-1)*100 -> 0.47406232 | E42: =((C42/C$41)-1)*100 -> 0.47406232 | F42: 6,19 (1) | H42: 2016 | I42: JAN | J42: 986.36 | K42: =((J42/J41)-1)*100 -> 0.60278444 | L42: =((J42/J$41)-1)*100 -> 0.60278444 | M42: 5,64 (1) | O42: 2016 | P42: JAN | Q42: 962.3 | R42: =((Q42/Q41)-1)*100 -> 0.39959519 | S42: =((Q42/Q$41)-1)*100 -> 0.39959519 | T42: 6,07 (1)
B43: FEV | C43: 968.28 | D43: =((C43/C42)-1)*100 -> 0.6297936 | E43: 1,10 (1) | F43: =((C43/C31)-1)*100 -> 5.9955556 | I43: FEV | J43: 986.02 | K43: =((J43/J42)-1)*100 -> -0.034470173 | L43: =((J43/J$41)-1)*100 -> 0.56810648 | M43: 5,50 (1) | P43: FEV | Q43: 967.63 | R43: =((Q43/Q42)-1)*100 -> 0.55388133 | S43: 0,95 (1) | T43: 6,00 (1)
B44: MAR | C44: 974.23 | D44: =((C44/C43)-1)*100 -> 0.61449168 | E44: 1,72 (1) | F44: =((C44/C32)-1)*100 -> 6.5512452 | I44: MAR | J44: 987.86 | K44: =((J44/J43)-1)*100 -> 0.18660879 | L44: =((J44/J$41)-1)*100 -> 0.75577541 | M44: =((J44/J32)-1)*100 -> 5.7881154 | P44: MAR | Q44: 969.55 | R44: =((Q44/Q43)-1)*100 -> 0.19842295 | S44: 1,15 (1) | T44: 5,96 (1)
B45: ABR | C45: 981.24 | D45: =((C45/C44)-1)*100 -> 0.71954261 | E45: 2,45 (1) | F45: =((C45/C33)-1)*100 -> 7.382521 | I45: ABR | J45: 991.45 | K45: =((J45/J44)-1)*100 -> 0.36341182 | L45: =((J45/J$41)-1)*100 -> 1.1219338 | M45: 5,98 (1) | P45: ABR | Q45: 974.76 | R45: =((Q45/Q44)-1)*100 -> 0.53736269 | S45: =((Q45/Q$41)-1)*100 -> 1.6995837 | T45: 6,49 (1)
B46: MAI | C46: 1016.26 | D46: =((C46/C45)-1)*100 -> 3.5689536 | E46: 6,11 (1) | F46: =((C46/C34)-1)*100 -> 10.757997 | I46: MAI | J46: 987.35 | K46: =((J46/J45)-1)*100 -> -0.41353573 | L46: 0,71 (1) | M46: 5,40 (1) | P46: MAI | Q46: 978.54 | R46: =((Q46/Q45)-1)*100 -> 0.38778776 | S46: 2,10 (1) | T46: 6,72 (1)
B47: JUN | C47: 1018.45 | D47: =((C47/C46)-1)*100 -> 0.21549603 | E47: 6,34 (1) | F47: 7,39 (1) | I47: JUN | J47: 986.1 | K47: =((J47/J46)-1)*100 -> -0.12660151 | L47: =((J47/J$41)-1)*100 -> 0.576266 | M47: 5,18 (1) | P47: JUN | Q47: 981.92 | R47: =((Q47/Q46)-1)*100 -> 0.34541255 | S47: =((Q47/Q$41)-1)*100 -> 2.4466076 | T47: =((Q47/Q35)-1)*100 -> 6.8512231
B48: JUL | C48: 1018.29 | D48: =((C48/C47)-1)*100 -> -0.015710148 | E48: 6,32 (1) | F48: =((C48/C36)-1)*100 -> 6.838665 | I48: JUL | J48: 987.17 | K48: =((J48/J47)-1)*100 -> 0.10850826 | L48: =((J48/J$41)-1)*100 -> 0.68539956 | M48: 4,87 (1) | P48: JUL | Q48: 981.56 | R48: =((Q48/Q47)-1)*100 -> -0.036662865 | S48: =((Q48/Q$41)-1)*100 -> 2.4090478 | T48: =((Q48/Q36)-1)*100 -> 6.3203388
B49: AGO | C49: 1020.48 | D49: =((C49/C48)-1)*100 -> 0.21506643 | E49: =((C49/C$41)-1)*100 -> 6.557514 | F49: 6,92 (1) | I49: AGO | J49: 1037.13 | K49: =((J49/J48)-1)*100 -> 5.0609318 | L49: =((J49/J$41)-1)*100 -> 5.7810189 | M49: 6,76 (1) | P49: AGO | Q49: 1012.37 | R49: =((Q49/Q48)-1)*100 -> 3.138881 | S49: 5,63 (1) | T49: =((Q49/Q37)-1)*100 -> 5.5299587
B50: SET | C50: 1016.17 | D50: =((C50/C49)-1)*100 -> -0.42235027 | E50: =((C50/C$41)-1)*100 -> 6.107468 | F50: 6,53 (1) | I50: SET | J50: 1042.72 | K50: =((J50/J49)-1)*100 -> 0.5389874 | L50: =((J50/J$41)-1)*100 -> 6.3511653 | M50: =((J50/J38)-1)*100 -> 6.9204188 | P50: SET | Q50: 1013.14 | R50: =((Q50/Q49)-1)*100 -> 0.076059148 | S50: 5,71 (1) | T50: 5,66 (1)
B51: OUT | C51: 1013.92 | D51: =((C51/C50)-1)*100 -> -0.22141964 | E51: =((C51/C$41)-1)*100 -> 5.8725253 | F51: 6,52 (1) | I51: OUT | J51: 1044.61 | K51: =((J51/J50)-1)*100 -> 0.18125671 | L51: 6,55 (1) | M51: =((J51/J39)-1)*100 -> 7.0768884 | P51: OUT | Q51: 1016.35 | R51: =((Q51/Q50)-1)*100 -> 0.31683676 | S51: 6,05 (1) | T51: 5,77 (1)
B52: NOV | C52: 1012.78 | D52: =((C52/C51)-1)*100 -> -0.11243491 | E52: 5,76 (1) | F52: 5,91 (1) | I52: NOV | J52: 1049.95 | K52: =((J52/J51)-1)*100 -> 0.51119557 | L52: =((J52/J$41)-1)*100 -> 7.0885818 | M52: =((J52/J40)-1)*100 -> 7.5184582 | P52: NOV | Q52: 1016.47 | R52: =((Q52/Q51)-1)*100 -> 0.011806956 | S52: 6,06 (1) | T52: 5,49 (1)
B53: DEZ | C53: 1016.91 | D53: =((C53/C52)-1)*100 -> 0.40778846 | E53: 6,19 (1) | F53: 6,19 (1) | I53: DEZ | J53: 1045.45 | K53: =((J53/J52)-1)*100 -> -0.42859184 | L53: =((J53/J$41)-1)*100 -> 6.6296089 | M53: =((J53/J41)-1)*100 -> 6.6296089 | P53: DEZ | Q53: 1017.11 | R53: =((Q53/Q52)-1)*100 -> 0.062962999 | S53: 6,13 (1) | T53: 6,13 (1)
A54: 2017 | B54: JAN | C54: 1016.18 | D54: =((C54/C53)-1)*100 -> -0.071786097 | E54: =((C54/C$53)-1)*100 -> -0.071786097 | F54: 5,62 (1) | H54: 2017 | I54: JAN | J54: 1047 | K54: =((J54/J53)-1)*100 -> 0.14826151 | L54: =((J54/J$53)-1)*100 -> 0.14826151 | M54: =((J54/J42)-1)*100 -> 6.1478568 | O54: 2017 | P54: JAN | Q54: 1022.52 | R54: =((Q54/Q53)-1)*100 -> 0.5318992 | S54: =((Q54/Q$53)-1)*100 -> 0.5318992 | T54: =((Q54/Q42)-1)*100 -> 6.2579237
B55: FEV | C55: 1019.43 | D55: =((C55/C54)-1)*100 -> 0.31982523 | E55: =((C55/C$53)-1)*100 -> 0.24780954 | F55: 5,30 (1) | I55: FEV | J55: 1045.89 | K55: =((J55/J54)-1)*100 -> -0.10601719 | L55: =((J55/J$53)-1)*100 -> 0.04208714 | M55: =((J55/J43)-1)*100 -> 6.071885 | P55: FEV | Q55: 1021.45 | R55: =((Q55/Q54)-1)*100 -> -0.10464343 | S55: =((Q55/Q$53)-1)*100 -> 0.42669918 | T55: 5,58 (1)
B56: MAR | C56: 1021.1 | D56: =((C56/C55)-1)*100 -> 0.16381704 | E56: =((C56/C$53)-1)*100 -> 0.41203253 | F56: 4,82 (1) | I56: MAR | J56: 1050.84 | K56: =((J56/J55)-1)*100 -> 0.47328113 | L56: 0,51 (1) | M56: 6,36 (1) | P56: MAR | Q56: 1021.87 | R56: =((Q56/Q55)-1)*100 -> 0.041118019 | S56: =((Q56/Q$53)-1)*100 -> 0.46799265 | T56: 5,41 (1)
B57: ABR | C57: 1021.14 | D57: =((C57/C56)-1)*100 -> 0.003917344 | E57: 0,41 (1) | F57: 4,08 (1) | I57: ABR | J57: 1049.93 | K57: =((J57/J56)-1)*100 -> -0.086597389 | L57: 0,42 (1) | M57: 5,89 (1) | P57: ABR | Q57: 1024.05 | R57: =((Q57/Q56)-1)*100 -> 0.21333438 | S57: =((Q57/Q$53)-1)*100 -> 0.68232541 | T57: =((Q57/Q45)-1)*100 -> 5.0566293
B58: MAI | C58: 1023.64 | D58: =((C58/C57)-1)*100 -> 0.24482441 | E58: 0,65 (1) | F58: =((C58/C46)-1)*100 -> 0.72619212 | I58: MAI | J58: 1047.47 | K58: =((J58/J57)-1)*100 -> -0.23430133 | L58: =((J58/J$53)-1)*100 -> 0.19321823 | M58: 6,08 (1) | P58: MAI | Q58: 1025.52 | R58: =((Q58/Q57)-1)*100 -> 0.14354768 | S58: 0,82 (1) | T58: =((Q58/Q46)-1)*100 -> 4.8010301
B59: JUN | C59: 1026.75 | D59: =((C59/C58)-1)*100 -> 0.30381775 | E59: 0,95 (1) | F59: =((C59/C47)-1)*100 -> 0.81496392 | I59: JUN | J59: 1052.11 | K59: =((J59/J58)-1)*100 -> 0.44297211 | L59: 0,63 (1) | M59: 6,68 (1) | P59: JUN | Q59: 1030.34 | R59: =((Q59/Q58)-1)*100 -> 0.47000546 | S59: =((Q59/Q$53)-1)*100 -> 1.3007443 | T59: =((Q59/Q47)-1)*100 -> 4.9311553
B60: JUL | C60: 1048.72 | D60: =((C60/C59)-1)*100 -> 2.1397614 | E60: 3,11 (1) | F60: =((C60/C48)-1)*100 -> 2.9883432 | I60: JUL | J60: 1052.38 | K60: =((J60/J59)-1)*100 -> 0.025662716 | L60: =((J60/J$53)-1)*100 -> 0.66287245 | M60: 6,60 (1) | P60: JUL | Q60: 1025.72 | R60: =((Q60/Q59)-1)*100 -> -0.44839568 | S60: 0,84 (1) | T60: =((Q60/Q48)-1)*100 -> 4.4989608
B61: AGO | C61: 1050.53 | D61: =((C61/C60)-1)*100 -> 0.17259135 | E61: 3,29 (1) | F61: =((C61/C49)-1)*100 -> 2.9446927 | I61: AGO | J61: 1054.15 | K61: =((J61/J60)-1)*100 -> 0.1681902 | L61: =((J61/J$53)-1)*100 -> 0.83217753 | M61: =((J61/J49)-1)*100 -> 1.6410672 | P61: AGO | Q61: 1033.08 | R61: =((Q61/Q60)-1)*100 -> 0.71754475 | S61: =((Q61/Q$53)-1)*100 -> 1.570135 | T61: 2,04 (1)
B62: SET | C62: 1055.09 | D62: =((C62/C61)-1)*100 -> 0.43406661 | E62: 3,73 (1) | F62: 3,81 (1) | I62: SET | J62: 1054.72 | K62: =((J62/J61)-1)*100 -> 0.054072001 | L62: 0,88 (1) | M62: 1,14 (1) | P62: SET | Q62: 1036.77 | R62: =((Q62/Q61)-1)*100 -> 0.35718434 | S62: =((Q62/Q$53)-1)*100 -> 1.9329276 | T62: =((Q62/Q50)-1)*100 -> 2.3323529
B63: OUT | C63: 1056.21 | D63: =((C63/C62)-1)*100 -> 0.10615208 | E63: 3,85 (1) | F63: 4,16 (1) | I63: OUT | J63: 1061.16 | K63: =((J63/J62)-1)*100 -> 0.61058859 | L63: =((J63/J$53)-1)*100 -> 1.5027022 | M63: =((J63/J51)-1)*100 -> 1.5843233 | P63: OUT | Q63: 1062.33 | R63: =((Q63/Q62)-1)*100 -> 2.4653491 | S63: =((Q63/Q$53)-1)*100 -> 4.4459301 | T63: =((Q63/Q51)-1)*100 -> 4.5240321
B64: NOV | C64: 1063.16 | D64: =((C64/C63)-1)*100 -> 0.65801308 | E64: 4,53 (1) | F64: 4,96 (1) | I64: NOV | J64: 1079.28 | K64: =((J64/J63)-1)*100 -> 1.7075653 | L64: 3,23 (1) | M64: =((J64/J52)-1)*100 -> 2.7934664 | P64: NOV | Q64: 1067.3 | R64: =((Q64/Q63)-1)*100 -> 0.46783956 | S64: 4,94 (1) | T64: =((Q64/Q52)-1)*100 -> 5.0006395
B65: DEZ | C65: 1060.03 | D65: =((C65/C64)-1)*100 -> -0.29440536 | E65: 4,23 (1) | F65: 4,23 (1) | I65: DEZ | J65: 1079.16 | K65: =((J65/J64)-1)*100 -> -0.011118523 | L65: =((J65/J$53)-1)*100 -> 3.2244488 | M65: =((J65/J53)-1)*100 -> 3.2244488 | P65: DEZ | Q65: 1069.48 | R65: =((Q65/Q64)-1)*100 -> 0.20425372 | S65: =((Q65/Q$53)-1)*100 -> 5.1489023 | T65: =((Q65/Q53)-1)*100 -> 5.1489023
A66: 2018 | B66: JAN | C66: 1058.24 | D66: =((C66/C65)-1)*100 -> -0.16886315 | E66: =((C66/C$65)-1)*100 -> -0.16886315 | F66: 4,12 (1) | H66: 2018 | I66: JAN | J66: 1074.32 | K66: =((J66/J65)-1)*100 -> -0.44849698 | L66: =((J66/J$65)-1)*100 -> -0.44849698 | M66: 2,60 (1) | O66: 2018 | P66: JAN | Q66: 1069.15 | R66: =((Q66/Q65)-1)*100 -> -0.030856117 | S66: =((Q66/Q$65)-1)*100 -> -0.030856117 | T66: =((Q66/Q54)-1)*100 -> 4.560302
B67: FEV | C67: 1059.61 | D67: =((C67/C66)-1)*100 -> 0.12946024 | E67: =((C67/C$65)-1)*100 -> -0.03962152 | F67: 3,93 (1) | I67: FEV | J67: 1072.19 | K67: =((J67/J66)-1)*100 -> -0.19826495 | L67: =((J67/J$65)-1)*100 -> -0.64587272 | M67: =((J67/J55)-1)*100 -> 2.5146048 | P67: FEV | Q67: 1076.22 | R67: =((Q67/Q66)-1)*100 -> 0.66127297 | S67: =((Q67/Q$65)-1)*100 -> 0.63021281 | T67: =((Q67/Q55)-1)*100 -> 5.3619854
B68: MAR | C68: 1063.51 | D68: =((C68/C67)-1)*100 -> 0.36805995 | E68: =((C68/C$65)-1)*100 -> 0.3282926 | F68: =((C68/C56)-1)*100 -> 4.153364 | I68: MAR | J68: 1075.05 | K68: =((J68/J67)-1)*100 -> 0.26674377 | L68: =((J68/J$65)-1)*100 -> -0.38085177 | M68: 2,31 (1) | P68: MAR | Q68: 1074.77 | R68: =((Q68/Q67)-1)*100 -> -0.13473082 | S68: 0,50 (1) | T68: =((Q68/Q56)-1)*100 -> 5.1767837
B69: ABR | C69: 1063.08 | D69: =((C69/C68)-1)*100 -> -0.040432154 | E69: =((C69/C$65)-1)*100 -> 0.28772771 | F69: 4,10 (1) | I69: ABR | J69: 1074.84 | K69: =((J69/J68)-1)*100 -> -0.019533975 | L69: =((J69/J$65)-1)*100 -> -0.40031135 | M69: 2,38 (1) | P69: ABR | Q69: 1082.24 | R69: =((Q69/Q68)-1)*100 -> 0.69503243 | S69: 1,20 (1) | T69: 5,69 (1)
B70: MAI | C70: 1061.9 | D70: =((C70/C69)-1)*100 -> -0.11099823 | E70: =((C70/C$65)-1)*100 -> 0.1764101 | F70: =((C70/C58)-1)*100 -> 3.7376421 | I70: MAI | J70: 1077.39 | K70: =((J70/J69)-1)*100 -> 0.23724461 | L70: =((J70/J$65)-1)*100 -> -0.16401646 | M70: =((J70/J58)-1)*100 -> 2.8564064 | P70: MAI | Q70: 1081.49 | R70: =((Q70/Q69)-1)*100 -> -0.06930071 | S70: 1,13 (1) | T70: 5,47 (1)
B71: JUN | C71: 1064.64 | D71: =((C71/C70)-1)*100 -> 0.25802806 | E71: 0,44 (1) | F71: 3,70 (1) | I71: JUN | J71: 1079.96 | K71: =((J71/J70)-1)*100 -> 0.23853943 | L71: 0,08 (1) | M71: 2,66 (1) | P71: JUN | Q71: 1080.38 | R71: =((Q71/Q70)-1)*100 -> -0.10263618 | S71: 1,03 (1) | T71: 4,87 (1)
B72: JUL | C72: 1082.28 | D72: =((C72/C71)-1)*100 -> 1.6568981 | E72: 2,11 (1) | F72: 3,21 (1) | I72: JUL | J72: 1081.92 | K72: =((J72/J71)-1)*100 -> 0.1814882 | L72: =((J72/J$65)-1)*100 -> 0.25575448 | M72: =((J72/J60)-1)*100 -> 2.8069709 | P72: JUL | Q72: 1084.87 | R72: =((Q72/Q71)-1)*100 -> 0.41559451 | S72: 1,45 (1) | T72: 5,79 (1)
B73: AGO | C73: 1083.18 | D73: =((C73/C72)-1)*100 -> 0.083157778 | E73: 2,19 (1) | F73: 3,12 (1) | I73: AGO | J73: 1088.98 | K73: =((J73/J72)-1)*100 -> 0.65254363 | L73: =((J73/J$65)-1)*100 -> 0.90996701 | M73: =((J73/J61)-1)*100 -> 3.3040839 | P73: AGO | Q73: 1087.76 | R73: =((Q73/Q72)-1)*100 -> 0.26639136 | S73: 1,73 (1) | T73: 5,32 (1)
B74: SET | C74: 1088.01 | D74: =((C74/C73)-1)*100 -> 0.44590927 | E74: 2,65 (1) | F74: 3,14 (1) | I74: SET | J74: 1094.4 | K74: =((J74/J73)-1)*100 -> 0.49771346 | L74: =((J74/J$65)-1)*100 -> 1.4122095 | M74: 3,77 (1) | P74: SET | Q74: 1090.38 | R74: =((Q74/Q73)-1)*100 -> 0.24086195 | S74: 1,97 (1) | T74: 5,19 (1)
B75: OUT | C75: 1091.8 | D75: =((C75/C74)-1)*100 -> 0.34834239 | E75: 3,01 (1) | F75: 3,39 (1) | I75: OUT | J75: 1114.74 | K75: =((J75/J74)-1)*100 -> 1.8585526 | L75: =((J75/J$65)-1)*100 -> 3.2970088 | M75: 5,06 (1) | P75: OUT | Q75: 1093.44 | R75: =((Q75/Q74)-1)*100 -> 0.28063611 | S75: 2,26 (1) | T75: 2,94 (1)
B76: NOV | C76: 1091.62 | D76: =((C76/C75)-1)*100 -> -0.016486536 | E76: 2,99 (1) | F76: 2,69 (1) | I76: NOV | J76: 1120.86 | K76: =((J76/J75)-1)*100 -> 0.54900694 | L76: 3,87 (1) | M76: 3,86 (1) | P76: NOV | Q76: 1094.01 | R76: =((Q76/Q75)-1)*100 -> 0.052129061 | S76: 2,31 (1) | T76: 2,51 (1)
B77: DEZ | C77: 1092.69 | D77: =((C77/C76)-1)*100 -> 0.098019457 | E77: 3,09 (1) | F77: 3,09 (1) | I77: DEZ | J77: 1126.15 | K77: =((J77/J76)-1)*100 -> 0.47195903 | L77: 4,36 (1) | M77: 4,36 (1) | P77: DEZ | Q77: 1096.67 | R77: =((Q77/Q76)-1)*100 -> 0.2431422 | S77: 2,56 (1) | T77: 2,56 (1)
A78: 2019 | B78: JAN | C78: 1093.88 | D78: =((C78/C77)-1)*100 -> 0.10890555 | E78: =((C78/C$77)-1)*100 -> 0.10890555 | F78: 3,38 (1) | H78: 2019 | I78: JAN | J78: 1126.74 | K78: =((J78/J77)-1)*100 -> 0.052390889 | L78: =((J78/J$77)-1)*100 -> 0.052390889 | M78: =((J78/J66)-1)*100 -> 4.8793656 | O78: 2019 | P78: JAN | Q78: 1099.36 | R78: =((Q78/Q77)-1)*100 -> 0.24528801 | S78: =((Q78/Q$77)-1)*100 -> 0.24528801 | T78: 2,84 (1)
B79: FEV | C79: 1095.03 | D79: =((C79/C78)-1)*100 -> 0.10513036 | E79: 0,22 (1) | F79: 3,36 (1) | I79: FEV | J79: 1134.08 | K79: =((J79/J78)-1)*100 -> 0.65143689 | L79: =((J79/J$77)-1)*100 -> 0.70416907 | M79: =((J79/J67)-1)*100 -> 5.7722978 | P79: FEV | Q79: 1100.91 | R79: =((Q79/Q78)-1)*100 -> 0.14099112 | S79: =((Q79/Q$77)-1)*100 -> 0.38662496 | T79: 2,31 (1)
B80: MAR | C80: 1091.5 | D80: =((C80/C79)-1)*100 -> -0.3223656 | E80: -0,10 (1) | F80: 2,65 (1) | I80: MAR | J80: 1135.98 | K80: =((J80/J79)-1)*100 -> 0.16753668 | L80: =((J80/J$77)-1)*100 -> 0.87288549 | M80: =((J80/J68)-1)*100 -> 5.6676434 | P80: MAR | Q80: 1103.82 | R80: =((Q80/Q79)-1)*100 -> 0.26432678 | S80: =((Q80/Q$77)-1)*100 -> 0.6519737 | T80: 2,71 (1)
B81: ABR | C81: 1087.51 | D81: =((C81/C80)-1)*100 -> -0.36555199 | E81: =((C81/C$77)-1)*100 -> -0.47405943 | F81: 2,31 (1) | I81: ABR | J81: 1136.69 | K81: =((J81/J80)-1)*100 -> 0.0625011 | L81: 0,93 (1) | M81: =((J81/J69)-1)*100 -> 5.7543448 | P81: ABR | Q81: 1104.95 | R81: =((Q81/Q80)-1)*100 -> 0.10237176 | S81: 0,75 (1) | T81: =((Q81/Q69)-1)*100 -> 2.0984255
B82: MAI | C82: 1085.94 | D82: =((C82/C81)-1)*100 -> -0.14436649 | E82: -0,61 (1) | F82: 2,28 (1) | I82: MAI | J82: 1134.81 | K82: =((J82/J81)-1)*100 -> -0.1653925 | L82: 0,76 (1) | M82: 5,32 (1) | P82: MAI | Q82: 1103.84 | R82: =((Q82/Q81)-1)*100 -> -0.10045703 | S82: =((Q82/Q$77)-1)*100 -> 0.6537974 | T82: =((Q82/Q70)-1)*100 -> 2.0665933
B83: JUN | C83: 1086.39 | D83: =((C83/C82)-1)*100 -> 0.041438754 | E83: -0,57 (1) | F83: 2,05 (1) | I83: JUN | J83: 1133.6 | K83: =((J83/J82)-1)*100 -> -0.10662578 | L83: 0,65 (1) | M83: 4,95 (1) | P83: JUN | Q83: 1109.16 | R83: =((Q83/Q82)-1)*100 -> 0.48195391 | S83: 1,13 (1) | T83: =((Q83/Q71)-1)*100 -> 2.6638775
B84: JUL | C84: 1089.29 | D84: =((C84/C83)-1)*100 -> 0.26693913 | E84: -0,30 (1) | F84: 0,66 (1) | I84: JUL | J84: 1134.31 | K84: =((J84/J83)-1)*100 -> 0.062632322 | L84: 0,71 (1) | M84: 4,83 (1) | P84: JUL | Q84: 1107.37 | R84: =((Q84/Q83)-1)*100 -> -0.16138339 | S84: 0,97 (1) | T84: =((Q84/Q72)-1)*100 -> 2.0739812
B85: AGO | C85: 1090.5 | D85: =((C85/C84)-1)*100 -> 0.11108153 | E85: -0,19 (1) | F85: 0,69 (1) | I85: AGO | J85: 1140.43 | K85: =((J85/J84)-1)*100 -> 0.53953505 | L85: 1,25 (1) | M85: 4,71 (1) | P85: AGO | Q85: 1131.83 | R85: =((Q85/Q84)-1)*100 -> 2.2088372 | S85: 3,20 (1) | T85: 4,04 (1)
B86: SET | C86: 1109.34 | D86: =((C86/C85)-1)*100 -> 1.7276479 | E86: 1,54 (1) | F86: 1,97 (1) | I86: SET | J86: 1141.33 | K86: =((J86/J85)-1)*100 -> 0.078917601 | L86: 1,33 (1) | M86: 4,28 (1) | P86: SET | Q86: 1137.07 | R86: =((Q86/Q85)-1)*100 -> 0.46296705 | S86: =((Q86/Q$77)-1)*100 -> 3.6838794 | T86: 4,27 (1)
B87: OUT | C87: 1116.19 | D87: =((C87/C86)-1)*100 -> 0.61748427 | E87: 2,16 (1) | F87: 2,25 (1) | I87: OUT | J87: 1142.14 | K87: =((J87/J86)-1)*100 -> 0.070969833 | L87: 1,41 (1) | M87: 2,44 (1) | P87: OUT | Q87: 1145.78 | R87: =((Q87/Q86)-1)*100 -> 0.76600385 | S87: =((Q87/Q$77)-1)*100 -> 4.4781019 | T87: 4,78 (1)
B88: NOV | C88: 1115.32 | D88: =((C88/C87)-1)*100 -> -0.077943719 | E88: 2,08(1) | F88: 2,18 (1) | I88: NOV | J88: 1147.27 | K88: =((J88/J87)-1)*100 -> 0.44915685 | L88: 1,86 (1) | M88: 2,34 (1) | P88: NOV | Q88: 1157.34 | R88: =((Q88/Q87)-1)*100 -> 1.0089197 | S88: =((Q88/Q$77)-1)*100 -> 5.532202 | T88: =((Q88/Q76)-1)*100 -> 5.7887953
B89: DEZ | C89: 1117.72 | D89: =((C89/C88)-1)*100 -> 0.21518488 | E89: 2,31 (1) | F89: 2,31 (1) | I89: DEZ | J89: 1147.49 | K89: =((J89/J88)-1)*100 -> 0.019175957 | L89: 1,88 (1) | M89: 1,88 (1) | P89: DEZ | Q89: 1160.53 | R89: =((Q89/Q88)-1)*100 -> 0.27563205 | S89: 5,83 (1) | T89: 5,83 (1)
A90: 2020 | B90: JAN | C90: 1118.65 | D90: =((C90/C89)-1)*100 -> 0.083205096 | E90: =((C90/C$89)-1)*100 -> 0.083205096 | F90: 2,28 (1) | H90: 2020 | I90: JAN | J90: 1163.48 | K90: =((J90/J89)-1)*100 -> 1.3934762 | L90: =((J90/J$89)-1)*100 -> 1.3934762 | M90: 3,25 (1) | O90: 2020 | P90: JAN | Q90: 1163.66 | R90: =((Q90/Q89)-1)*100 -> 0.26970436 | S90: =((Q90/Q$89)-1)*100 -> 0.26970436 | T90: =((Q90/Q78)-1)*100 -> 5.8488575
B91: FEV | C91: 1123.99 | D91: =((C91/C90)-1)*100 -> 0.4773611 | E91: =((C91/C$89)-1)*100 -> 0.56096339 | F91: 2,65 (1) | I91: FEV | J91: 1166.51 | K91: =((J91/J90)-1)*100 -> 0.26042562 | L91: 1,65 (1) | M91: 2,85 (1) | P91: FEV | Q91: 1168.83 | R91: =((Q91/Q90)-1)*100 -> 0.44428785 | S91: 0,71 (1) | T91: =((Q91/Q79)-1)*100 -> 6.1694416
B92: MAR | C92: 1123.9 | D92: =((C92/C91)-1)*100 -> -0.0080071887 | E92: =((C92/C$89)-1)*100 -> 0.55291128 | F92: =((C92/C80)-1)*100 -> 2.9683921 | I92: MAR | J92: 1172.57 | K92: =((J92/J91)-1)*100 -> 0.51949833 | L92: 2,18 (1) | M92: 3,21 (1) | P92: MAR | Q92: 1165.38 | R92: =((Q92/Q91)-1)*100 -> -0.29516696 | S92: 0,41 (1) | T92: 5,57 (1)
B93: ABR | C93: 1124.55 | D93: =((C93/C92)-1)*100 -> 0.057834327 | E93: =((C93/C$89)-1)*100 -> 0.61106538 | F93: 3,42 (1) | I93: ABR | J93: 1172.56 | K93: 0 | L93: =((J93/J$89)-1)*100 -> 2.1847685 | M93: 3,14(1) | P93: ABR | Q93: 1167.37 | R93: =((Q93/Q92)-1)*100 -> 0.17075975 | S93: 0,58 (1) | T93: =((Q93/Q81)-1)*100 -> 5.6491244
B94: MAI | C94: 1126.71 | D94: =((C94/C93)-1)*100 -> 0.19207683 | E94: =((C94/C$89)-1)*100 -> 0.80431593 | F94: 3,76 (1) | I94: MAI | J94: 1172.63 | K94: =((J94/J93)-1)*100 -> 0.0059698438 | L94: =((J94/J$89)-1)*100 -> 2.1908688 | M94: =((J94/J82)-1)*100 -> 3.3327165 | P94: MAI | Q94: 1167.05 | R94: =((Q94/Q93)-1)*100 -> -0.027412046 | S94: 0,55 (1) | T94: 5,72 (1)
B95: JUN | C95: 1127.51 | D95: =((C95/C94)-1)*100 -> 0.071003186 | E95: 0,87 (1) | F95: =((C95/C83)-1)*100 -> 3.7850127 | I95: JUN | J95: 1171.82 | K95: =((J95/J94)-1)*100 -> -0.069075497 | L95: =((J95/J$89)-1)*100 -> 2.1202799 | M95: =((J95/J83)-1)*100 -> 3.3715596 | P95: JUN | Q95: 1167.31 | R95: =((Q95/Q94)-1)*100 -> 0.022278394 | S95: 0,57 (1) | T95: =((Q95/Q83)-1)*100 -> 5.2427062
B96: JUL | C96: 1128.98 | D96: =((C96/C95)-1)*100 -> 0.13037578 | E96: 1,00 (1) | F96: 3,65 (1) | I96: JUL | J96: 1175.13 | K96: =((J96/J95)-1)*100 -> 0.28246659 | L96: =((J96/J$89)-1)*100 -> 2.4087356 | M96: =((J96/J84)-1)*100 -> 3.5986635 | P96: JUL | Q96: 1170.84 | R96: =((Q96/Q95)-1)*100 -> 0.30240467 | S96: 0,87 (1) | T96: 5,72 (1)
B97: AGO | C97: 1140.7 | D97: =((C97/C96)-1)*100 -> 1.0381052 | E97: 2,05 (1) | F97: 4,61 (1) | I97: AGO | J97: 1184.63 | K97: =((J97/J96)-1)*100 -> 0.8084212 | L97: =((J97/J$89)-1)*100 -> 3.2366295 | M97: =((J97/J85)-1)*100 -> 3.8757311 | P97: AGO | Q97: 1180.24 | R97: =((Q97/Q96)-1)*100 -> 0.8028424 | S97: 1,68 (1) | T97: 4,26 (1)
B98: SET | C98: 1154.72 | D98: =((C98/C97)-1)*100 -> 1.2290699 | E98: =((C98/C$89)-1)*100 -> 3.3103103 | F98: 4,10 (1) | I98: SET | J98: 1198.13 | K98: =((J98/J97)-1)*100 -> 1.1395963 | L98: =((J98/J$89)-1)*100 -> 4.4131104 | M98: =((J98/J86)-1)*100 -> 4.97665 | P98: SET | Q98: 1195.18 | R98: =((Q98/Q97)-1)*100 -> 1.2658442 | S98: 2,97 (1) | T98: 5,10 (1)
B99: OUT | C99: 1176.19 | D99: =((C99/C98)-1)*100 -> 1.8593252 | E99: =((C99/C$89)-1)*100 -> 5.2311849 | F99: =((C99/C87)-1)*100 -> 5.3754289 | I99: OUT | J99: 1207.04 | K99: =((J99/J98)-1)*100 -> 0.74365887 | L99: =((J99/J$89)-1)*100 -> 5.1895877 | M99: =((J99/J87)-1)*100 -> 5.6823157 | P99: OUT | Q99: 1210.9 | R99: =((Q99/Q98)-1)*100 -> 1.3152831 | S99: 4,33 (1) | T99: =((Q99/Q87)-1)*100 -> 5.6834645
B100: NOV | C100: 1192.43 | D100: =((C100/C99)-1)*100 -> 1.3807293 | E100: =((C100/C$89)-1)*100 -> 6.6841427 | F100: 6,92 (1) | I100: NOV | J100: 1215.19 | K100: =((J100/J99)-1)*100 -> 0.67520546 | L100: =((J100/J$89)-1)*100 -> 5.8998335 | M100: =((J100/J88)-1)*100 -> 5.9201409 | P100: NOV | Q100: 1251.32 | R100: =((Q100/Q99)-1)*100 -> 3.338013 | S100: 7,81 (1) | T100: =((Q100/Q88)-1)*100 -> 8.1203449
B101: DEZ | C101: 1197.89 | D101: =((C101/C100)-1)*100 -> 0.45788851 | E101: =((C101/C$89)-1)*100 -> 7.1726372 | F101: =((C101/C89)-1)*100 -> 7.1726372 | I101: DEZ | J101: 1226.76 | K101: =((J101/J100)-1)*100 -> 0.95211448 | L101: =((J101/J$89)-1)*100 -> 6.9081212 | M101: =((J101/J89)-1)*100 -> 6.9081212 | P101: DEZ | Q101: 1279.22 | R101: =((Q101/Q100)-1)*100 -> 2.2296455 | S101: 10,22 (1) | T101: 10,22 (1)
...

Sheet Curva ABC de Insumos
C1: Obra | D1: Bancos | E1: B.D.I. | H1: Encargos Sociais
C2: EXP SAM - ND - REV01 - VER00 (nova numeração) | D2: SINAPI - 04/2022 - Distrito Federal SBC - 04/2022 - Distrito Federal SICRO3 - 04/2022 - Distrito Federal ORSE - 04/2022 - Sergipe | E2: 20,94% | H2: Não Desonerado: Horista: 110,14% Mensalista: 70,03%
A3: Curva ABC de Insumos
A4: Código | B4: Banco | C4: Descrição | D4: Tipo | E4: Und | F4: Operativa | G4: Improdutiva | H4: Operativa | I4: Improdutiva | J4: Operativa | K4: Improdutiva | L4: Geral | M4: Peso | N4: Valor Acumulado | O4: Peso Acumulado
A5: IN0506 | B5: Próprio | C5: Fornecimento do conjunto condutor de terceiro trilho, com capacidade nominal de 2900 A, completo, incluindo todos os componentes necessários para montagem do conjunto (Viga I, barras de alumínio, suportes, tirefondes, capas, espaçadores, garras, dentre outros). O conjunto condutor deverá atender as características técnicas indicadas na especificação técnica ET.4/EF.99/00.301. Quantitativo conforme Lista de Material LM.3/EF.99/00.302. | D5: Material | E5: m | F5: 8.567,0000000 | H5: 2.830,24 | J5: 24.246.666,08 | L5: 24246666 | M5: 8,34% | N5: 24246666 | O5: 8,34%
A6: SE0601 | B6: Próprio | C6: ADMINISTRAÇÃO LOCAL - EXPANSÃO SAMAMBAIA | D6: Mão de Obra | E6: UN | F6: 1,0000000 | H6: 17.614.579,90 | J6: 17.614.579,90 | L6: 17614580 | M6: 6,06% | N6: 41861246 | O6: 14,40%
A7: IN0472 | B7: Próprio | C7: Fornecimento de Conjunto de cubículos blindados de 1kVcc constituído em chapa de aço galvanizada por imersão de zinco a quente e estruturas metálicas com dispositivos de alívio de pressão, instalação abrigada, montagem vertical isolada da malha de terra da subestação. O conjunto de cubículos de 1 kVcc deverá atender as características técnicas conforme a especificação ET.4/EB.99/40.201. O fornecimento deve incluir os IEDs instalados nos compartimentos específicos dos cubículos 2, 3, 4 e 5, atendendo as características das especificações técnicas ET.4/EX.99/00.501 e ET.4/EX.99/00.502-2 e observando a indicação no diagrama DG.4/EX.99/00.502. | D7: Material | E7: un | F7: 3,0000000 | H7: 5.724.797,23 | J7: 17.174.391,69 | L7: 17174392 | M7: 5,91% | N7: 59035638 | O7: 20,31%
A8: E9667 | B8: SICRO3 | C8: Caminhão basculante com capacidade de 14 m³ - 188 kW | D8: Equipamento | E8: UN | F8: 36.216,2596390 | G8: 1.275,2928723 | H8: 285,74 | I8: 80,94 | J8: 10.348.571,65 | K8: 103.222,21 | L8: 10451794 | M8: 3,60% | N8: 69487432 | O8: 23,90%
A9: M2202 | B9: SICRO3 | C9: Trilho TR57 em aço-carbono - C = 12 m | D9: Material | E9: t | F9: 785,2200000 | H9: 11.667,30 | J9: 9.161.395,81 | L9: 9161395.8 | M9: 3,15% | N9: 78648827 | O9: 27,06%
A10: SE0327 | B10: Próprio | C10: Montagem, comissionamento e testes do conjunto condutor do terceiro trilho com capacidade nominal de 2900 A. | D10: Serviços | E10: un | F10: 8.567,0000000 | H10: 675,65 | J10: 5.788.293,55 | L10: 5788293.5 | M10: 1,99% | N10: 84437121 | O10: 29,05%
A11: IN0521 | B11: Próprio | C11: Fornecimento de cabo elétrico isolado, singelo, potência em média tensão, 8,7/15 kV, cobre, tempera mole, redondo compactado, seção nominal 300 mm² temperatura de 90°C, classe de encordoamento 2, isolamento HEPR, blindagem isolação metálica em cobre; capa externa em poliolefínico, antichama, livre de halogênio e gases corrosivos. Quantitativo conforme Lista de Cabos LC.4/EE.99/00.103. | D11: Material | E11: m | F11: 8.340,0000000 | H11: 607,51 | J11: 5.066.633,40 | L11: 5066633.4 | M11: 1,74% | N11: 89503754 | O11: 30,79%
A12: IN0257 | B12: Próprio | C12: AÇO CA-50, 25,0MM, VERGALHÃO | D12: Material | E12: KG | F12: 626.714,6156960 | H12: 7,66 | J12: 4.800.633,96 | L12: 4800634 | M12: 1,65% | N12: 94304388 | O12: 32,44%
A13: IN0466 | B13: Próprio | C13: Fornecimento de Conjunto de cubículos de 15 kV para as SRs 64 e 65, constituído de 8 cubículos interligados pelo mesmo barramento e um cubículo isolado desse barramento. O conjunto de cubículos deve atender as características técnicas da especificação ET.4/EB.99/01.201. O fornecimento deve incluir os IEDs instalados nos compartimentos específicos dos cubículos, atendendo as características das especificações técnicas ET.4/EX.99/00.501 e ET.4/EX.99/00.502-2 e observando a indicação nos diagramas DG.4/EX.99/00.502, DG.4/EX.99/00.503. | D13: Material | E13: un | F13: 2,0000000 | H13: 2.252.624,06 | J13: 4.505.248,12 | L13: 4505248.1 | M13: 1,55% | N13: 98809636 | O13: 33,99%
A14: IN0519 | B14: Próprio | C14: Fornecimento de cabo de cobre, singelo, potência em média tensão, 8,7/15 kV, tempera mole, redondo compactado, seção nominal 120 mm² temperatura de 90°C, classe de encordoamento 2, isolamento HEPR, blindagem isolação metálica em cobre; capa externa em poliolefínico, antichama, livre de halogênio e gases corrosivos. Quantitativo conforme Lista de Cabos LC.4/EE.99/00.103. | D14: Material | E14: m | F14: 19.575,0000000 | H14: 225,33 | J14: 4.410.834,75 | L14: 4410834.8 | M14: 1,52% | N14: 1.0322047e+08 | O14: 35,51%
A15: IN0480 | B15: Próprio | C15: Fornecimento de Cabo de cobre, unipolar singelo seção nominal 400 mm², isolação 0,6/1 kV em borracha HEPR, 90ºC , antichamas, livre de halogênio e gases corrosivos e cobertura em poliolefínica não halogenada na cor preta. Quantitativo conforme Lista de Cabos LC.4/EB.34/00.201, LC.4/EB.35/00.201 e LC.4/EB.36/00.201 | D15: Material | E15: m | F15: 9.300,0000000 | H15: 447,58 | J15: 4.162.494,00 | L15: 4162494 | M15: 1,43% | N15: 1.0738297e+08 | O15: 36,94%
A16: IN0255 | B16: Próprio | C16: AÇO CA-50, 16,0MM, VERGALHÃO | D16: Material | E16: KG | F16: 535.588,4165700 | H16: 7,64 | J16: 4.091.895,50 | L16: 4091895.5 | M16: 1,41% | N16: 1.1147486e+08 | O16: 38,35%
A17: P9824 | B17: SICRO3 | C17: Servente | D17: Mão de Obra | E17: h | F17: 201.499,6312212 | H17: 17,97 | J17: 3.621.049,12 | L17: 3621049.1 | M17: 1,25% | N17: 1.1509591e+08 | O17: 39,59%
A18: 00001525 | B18: SINAPI | C18: CONCRETO USINADO BOMBEAVEL, CLASSE DE RESISTENCIA C30, COM BRITA 0 E 1, SLUMP = 100 +/- 20 MM, INCLUI SERVICO DE BOMBEAMENTO (NBR 8953) | D18: Material | E18: m³ | F18: 7.644,0901400 | H18: 450,64 | J18: 3.444.732,78 | L18: 3444732.8 | M18: 1,18% | N18: 1.1854064e+08 | O18: 40,78%
A19: IN0517 | B19: Próprio | C19: Fornecimento de Painel de Entrada de Energia (PEE/SAM) formado por 4 cubículos de 15 kV, instalação ao tempo, incluindo IEDs, conforme especificações técnicas ET.3/EE.99/00.101, ET.4/EX.99/00.501, ET.4/EX.99/00.502-2 e ET.4/EX.99/00.503. O fornecimento deverá abranger ainda o projeto de fabricação e testes de plataforma em fábrica. | D19: Material | E19: un | F19: 1,0000000 | H19: 3.326.447,58 | J19: 3.326.447,58 | L19: 3326447.6 | M19: 1,14% | N19: 1.2186709e+08 | O19: 41,92%
A20: IN0467 | B20: Próprio | C20: Fornecimento de Conjunto de cubículos de 15 kV para a SR 63, constituído de 9 cubículos interligados pelo mesmo barramento e um cubículo isolado desse barramento. O conjunto de cubículos deve atender as características técnicas da especificação ET.4/EB.99/01.201. O fornecimento deve incluir os IEDs instalados nos compartimentos específicos dos cubículos, atendendo as características das especificações técnicas ET.4/EX.99/00.501 e ET.4/EX.99/00.502-2 e observando a indicação nos diagramas DG.4/EX.99/00.502, DG.4/EX.99/00.503 e DG.4/EX.99/00.506. | D20: Material | E20: un | F20: 1,0000000 | H20: 3.100.000,00 | J20: 3.100.000,00 | L20: 3100000 | M20: 1,07% | N20: 1.2496709e+08 | O20: 42,99%
... A34: IN0252 | B34: Próprio | C34: AÇO CA-50, 8,0MM, VERGALHÃO | D34: Material | E34: KG | F34: 234.594,5706000 | H34: 8,54 | J34: 2.003.437,63 | L34: 2003437.6 | M34: 0,69% | N34: 1.5837871e+08 | O34: 54,48%
A35: E9526 | B35: SICRO3 | C35: Retroescavadeira de pneus com capacidade de 0,76 m³ - 58 kW | D35: Equipamento | E35: UN | F35: 13.744,9493252 | G35: 0,0000000 | H35: 139,69 | I35: 65,21 | J35: 1.919.982,49 | K35: 0,00 | L35: 1919982.5 | M35: 0,66% | N35: 1.6029869e+08 | O35: 55,14%
A36: SE0311 | B36: Próprio | C36: Montagem, comissionamento e testes da cablagem de 750 Vcc (400 mm²), conforme Projeto Básico (A montagem da cablagem de 750 Vcc deve considerar a interligação com o terceiro trilho e via). | D36: Serviços | E36: m | F36: 8.400,0000000 | H36: 200,00 | J36: 1.680.000,00 | L36: 1680000 | M36: 0,58% | N36: 1.6197869e+08 | O36: 55,72%
A37: 00001358 | B37: SINAPI | C37: CHAPA/PAINEL DE MADEIRA COMPENSADA RESINADA (MADEIRITE RESINADO ROSA) PARA FORMA DE CONCRETO, DE 2200 x 1100 MM, E = 17 MM | D37: Material | E37: m² | F37: 25.227,5900975 | H37: 65,58 | J37: 1.654.425,36 | L37: 1654425.4 | M37: 0,57% | N37: 1.6363312e+08 | O37: 56,29%
A38: 00037370 | B38: SINAPI | C38: ALIMENTACAO - HORISTA (COLETADO CAIXA) | D38: Outros | E38: H | F38: 576.944,9189050 | H38: 2,85 | J38: 1.644.293,02 | L38: 1644293 | M38: 0,57% | N38: 1.6527741e+08 | O38: 56,86%
A39: 00001527 | B39: SINAPI | C39: CONCRETO USINADO BOMBEAVEL, CLASSE DE RESISTENCIA C25, COM BRITA 0 E 1, SLUMP = 100 +/- 20 MM, INCLUI SERVICO DE BOMBEAMENTO (NBR 8953) | D39: Material | E39: m³ | F39: 3.759,2100100 | H39: 437,19 | J39: 1.643.489,02 | L39: 1643489 | M39: 0,57% | N39: 1.669209e+08 | O39: 57,42%
A40: 00000378 | B40: SINAPI | C40: ARMADOR (HORISTA) | D40: Mão de Obra | E40: H | F40: 91.670,0476073 | H40: 17,88 | J40: 1.639.060,45 | L40: 1639060.5 | M40: 0,56% | N40: 1.6855996e+08 | O40: 57,98%
A41: IN0471 | B41: Próprio | C41: Fornecimento de Retificador de Tração de 12 pulsos, potência de retificação nominal de 2750 kW, para operação conjunta com transformador de tração de potência nominal de 3025 kVA. Tensão de entrada em corrente alternada definida pelo fornecedor em função da regulação do Grupo Retificador (Transformador/Retificado) tensão nominal de saída em corrente contínua 750 Vcc. O Retificador deverá atender as características técnicas conforme a especificação ET.4/EB.99/26.201. . | D41: Material | E41: un | F41: 2,0000000 | H41: 790.815,76 | J41: 1.581.631,52 | L41: 1581631.5 | M41: 0,54% | N41: 1.7014159e+08 | O41: 58,53%
A42: IN0251 | B42: Próprio | C42: AÇO CA-50, 6,3MM, VERGALHÃO | D42: Material | E42: KG | F42: 168.521,4347600 | H42: 8,70 | J42: 1.466.136,48 | L42: 1466136.5 | M42: 0,50% | N42: 1.7160773e+08 | O42: 59,03%
A43: IN0445 | B43: Próprio | C43: TUNNEL LINER DE CHAPA EPÓXI - E = 2,7 MM E D = 2,60 M, COM REVESTIMENTO INTERNO DE CONCRETO A 360° DE RECOBRIMENTO. | D43: Material | E43: M | F43: 170,3200000 | H43: 8.547,00 | J43: 1.455.725,04 | L43: 1455725 | M43: 0,50% | N43: 1.7306345e+08 | O43: 59,53%
A44: IN0446 | B44: Próprio | C44: TUNNEL LINER DE CHAPA EPÓXI - E = 3,4 MM E D = 2,60 M, COM REVESTIMENTO INTERNO DE CONCRETO A 360° DE RECOBRIMENTO. | D44: Material | E44: M | F44: 133,5200000 | H44: 10.382,00 | J44: 1.386.204,64 | L44: 1386204.6 | M44: 0,48% | N44: 1.7444966e+08 | O44: 60,01%
A45: IN0166 | B45: Próprio | C45: CONJUNTO DE FIXAÇÃO DE TRILHO UIC 60 EM LAJE FIXA | D45: Material | E45: un | F45: 1.126,4000000 | H45: 1.203,60 | J45: 1.355.735,04 | L45: 1355735 | M45: 0,47% | N45: 1.7580539e+08 | O45: 60,48%
A46: M2353 | B46: SICRO3 | C46: Conjunto para solda aluminotérmica de TR57 - porção, fôrmas, acendedor, pasta de vedação e cadinho | D46: Material | E46: un | F46: 1.030,3900000 | H46: 1.285,04 | J46: 1.324.090,92 | L46: 1324090.9 | M46: 0,46% | N46: 1.7712948e+08 | O46: 60,93%
A47: IN0507 | B47: Próprio | C47: Fornecimento de chave secionadora do circuito de tração conforme especificação técnica ET.4/EF.99/00.302. Quantitativo conforme Lista de Material LM.3/EF.99/00.302. | D47: Material | E47: un | F47: 4,0000000 | H47: 326.952,79 | J47: 1.307.811,16 | L47: 1307811.2 | M47: 0,45% | N47: 1.7843729e+08 | O47: 61,38%
... A75: IN0102 | B75: Próprio | C75: CONJUNTO DE FIXAÇÃO DE TRILHO UIC 60 EM DORMENTE DE CONCRETO | D75: Material | E75: UN | F75: 18.618,3800000 | H75: 48,16 | J75: 896.661,18 | L75: 896661.18 | M75: 0,31% | N75: 2.0864196e+08 | O75: 71,77%
A76: E9686 | B76: SICRO3 | C76: Caminhão carroceria com guindauto com capacidade de 20 t.m - 136 kW | D76: Equipamento | E76: UN | F76: 2.851,6629975 | G76: 0,0000000 | H76: 300,66 | I76: 101,44 | J76: 857.386,70 | K76: 0,00 | L76: 857386.7 | M76: 0,29% | N76: 2.0949934e+08 | O76: 72,07%
A77: 00040453 | B77: SINAPI | C77: GABIAO MANTA (COLCHAO) MALHA HEXAGONAL 6 X 8 CM (ZN/AL REVESTIDO COM POLIMERO), FIO 2,0 MM, DIMENSOES 5,0 X 2,0 X 0,23 M (C X L X A) | D77: Material | E77: m² | F77: 5.146,8800000 | H77: 160,92 | J77: 828.235,93 | L77: 828235.93 | M77: 0,28% | N77: 2.1032758e+08 | O77: 72,35%
A78: PEX.SAM 111 | B78: Próprio | C78: PROJETO EXECUTIVO DO SISTEMA DE PROTEÇÃO E CONTROLE | D78: Verba | E78: CJ | F78: 1,1000000 | H78: 739.736,98 | J78: 813.710,68 | L78: 813710.68 | M78: 0,28% | N78: 2.1114129e+08 | O78: 72,63%
A79: M2257 | B79: SICRO3 | C79: AMV tipo TR57, abertura 1:14, bitola larga | D79: Material | E79: un | F79: 4,0000000 | H79: 202.792,14 | J79: 811.168,54 | L79: 811168.54 | M79: 0,28% | N79: 2.1195246e+08 | O79: 72,91%
A80: 00037371 | B80: SINAPI | C80: TRANSPORTE - HORISTA (COLETADO CAIXA) | D80: Serviços | E80: H | F80: 576.944,9189050 | H80: 1,36 | J80: 784.645,09 | L80: 784645.09 | M80: 0,27% | N80: 2.127371e+08 | O80: 73,18%
A81: 00004385 | B81: SINAPI | C81: PARALELEPIPEDO GRANITICO OU BASALTICO, PARA PAVIMENTACAO, SEM FRETE (VARIACAO REGIONAL DE PECAS POR M2) | D81: Material | E81: MIL | F81: 102,8758500 | H81: 7.585,50 | J81: 780.364,76 | L81: 780364.76 | M81: 0,27% | N81: 2.1351747e+08 | O81: 73,45%
A82: IN0495 | B82: Próprio | C82: Fornecimento de Painel de Distribuição de corrente alternada para tensão nominal de 380/220 V, 60 Hz. O painel deverá atender as características técnicas conforme a especificação ET.4/EC.99/33.401. | D82: Material | E82: un | F82: 2,0000000 | H82: 376.215,55 | J82: 752.431,10 | L82: 752431.1 | M82: 0,26% | N82: 2.142699e+08 | O82: 73,71%
A83: E9798 | B83: SICRO3 | C83: Perfuratriz hidráulica rotopercussiva - 123 kW | D83: Equipamento | E83: UN | F83: 1.989,6708950 | G83: 0,0000000 | H83: 376,50 | I83: 162,34 | J83: 749.118,85 | K83: 0,00 | L83: 749118.85 | M83: 0,26% | N83: 2.1501902e+08 | O83: 73,97%
A84: 00004730 | B84: SINAPI | C84: PEDRA DE MAO OU PEDRA RACHAO PARA ARRIMO/FUNDACAO (POSTO PEDREIRA/FORNECEDOR, SEM FRETE) | D84: Material | E84: m³ | F84: 5.047,9536620 | H84: 145,49 | J84: 734.426,78 | L84: 734426.78 | M84: 0,25% | N84: 2.1575345e+08 | O84: 74,22%
A85: IN0481 | B85: Próprio | C85: Fornecimento de Cabo de cobre, unipolar singelo seção nominal 300 mm², isolação 0,6/1 kV em borracha HEPR, 90ºC , antichamas, livre de halogênio e gases corrosivos e cobertura em poliolefínica não halogenada na cor preta. Quantitativo conforme Lista de Cabos LC.4/EB.34/00.201, LC.4/EB.35/00.201 e LC.4/EB.36/00.201 | D85: Material | E85: m | F85: 1.800,0000000 | H85: 404,89 | J85: 728.802,00 | L85: 728802 | M85: 0,25% | N85: 2.1648225e+08 | O85: 74,47%
A86: SE0355 | B86: Próprio | C86: MONTAGEM DAS ESCADAS ROLANTES, INCLUINDO: MOVIMENTAÇÃO HORIZONTAL E VERTICAL, FECHAMENTO DA ESTRUTURA DA ESCADA EM CHAPA DE AÇO INOXIDÁVEL, FECHAMENTOS LATERAIS DAS ESCADAS, CONFORME MD.3/AB.7G/00.001, ET.3/AB.7G/00.001 E ET.3/AB.99/00.001 | D86: Serviços | E86: un | F86: 4,0000000 | H86: 180.000,00 | J86: 720.000,00 | L86: 720000 | M86: 0,25% | N86: 2.1720225e+08 | O86: 74,72%
A87: IN0262 | B87: Próprio | C87: BRITA 2 | D87: Material | E87: m³ | F87: 12.956,5123092 | H87: 55,50 | J87: 719.086,43 | L87: 719086.43 | M87: 0,25% | N87: 2.1792133e+08 | O87: 74,96%
A88: SE0330 | B88: Próprio | C88: Montagem e Instalação da cablagem do terceiro trilho. Quantitativo conforme Lista de Material LM.3/EF.99/00.302. | D88: Serviços | E88: m | F88: 3.000,0000000 | H88: 234,56 | J88: 703.680,00 | L88: 703680 | M88: 0,24% | N88: 2.1862501e+08 | O88: 75,21%
A89: 00044474 | B89: SINAPI | C89: GUINDASTE HIDRAULICO AUTOPROPELIDO, COM LANCA TELESCOPICA 40 M, CAPACIDADE MAXIMA 60 T, POTENCIA 260 KW, TRACAO 6 X 6 | D89: Equipamento | E89: UN | F89: 0,3120120 | H89: 2.211.168,44 | J89: 689.911,09 | L89: 689911.09 | M89: 0,24% | N89: 2.1931492e+08 | O89: 75,44%
A90: IN0696 | B90: Próprio | C90: Tubo de ferro fundido dúctil K7 com ponta e bolsa junta elástica para água (classe: K7 / diâmetro nominal: 1000 mm) | D90: Material | E90: M | F90: 294,0000000 | H90: 2.279,04 | J90: 670.037,76 | L90: 670037.76 | M90: 0,23% | N90: 2.1998496e+08 | O90: 75,67%
A91: M2255 | B91: SICRO3 | C91: AMV tipo TR57, abertura 1:10, bitola larga | D91: Material | E91: un | F91: 4,0000000 | H91: 166.653,94 | J91: 666.615,77 | L91: 666615.77 | M91: 0,23% | N91: 2.2065158e+08 | O91: 75,90%
A92: 00002436 | B92: SINAPI | C92: ELETRICISTA (HORISTA) | D92: Mão de Obra | E92: H | F92: 36.992,2291161 | H92: 17,88 | J92: 661.421,06 | L92: 661421.06 | M92: 0,23% | N92: 2.21313e+08 | O92: 76,13%
A93: 00034479 | B93: SINAPI | C93: CONCRETO USINADO BOMBEAVEL, CLASSE DE RESISTENCIA C40, COM BRITA 0 E 1, SLUMP = 100 +/- 20 MM, INCLUI SERVICO DE BOMBEAMENTO (NBR 8953) | D93: Material | E93: m³ | F93: 1.372,8158600 | H93: 477,54 | J93: 655.574,49 | L93: 655574.49 | M93: 0,23% | N93: 2.2196857e+08 | O93: 76,36%
A94: IN0260 | B94: Próprio | C94: BRITA 0 | D94: Material | E94: m³ | F94: 11.116,5528449 | H94: 58,50 | J94: 650.318,34 | L94: 650318.34 | M94: 0,22% | N94: 2.2261889e+08 | O94: 76,58%
A95: 00043083 | B95: SINAPI | C95: PERFIL "U" ENRIJECIDO DE ACO GALVANIZADO, DOBRADO, 150 X 60 X 20 MM, E = 3,00 MM OU 200 X 75 X 25 MM, E = 3,75 MM | D95: Material | E95: KG | F95: 55.623,2000000 | H95: 11,69 | J95: 650.235,21 | L95: 650235.21 | M95: 0,22% | N95: 2.2326913e+08 | O95: 76,80%
... A103: SE0606 | B103: Próprio | C103: OPERAÇÃO ASSISTIDA ENERGIA SR 65 | D103: Verba | E103: CJ | F103: 3,0000000 | H103: 184.965,91 | J103: 554.897,73 | L103: 554897.73 | M103: 0,19% | N103: 2.2794613e+08 | O103: 78,41%
A104: E9571 | B104: SICRO3 | C104: Caminhão tanque com capacidade de 10.000 l - 188 kW | D104: Equipamento | E104: UN | F104: 1.460,6662713 | G104: 643,4872229 | H104: 331,99 | I104: 76,36 | J104: 484.929,08 | K104: 49.136,68 | L104: 534065.76 | M104: 0,18% | N104: 2.2848019e+08 | O104: 78,60%
A105: SE0344 | B105: Próprio | C105: Montagem, comissionamento e testes dos cabos elétricos isolados de 240mm² incluindo muflas terminais. | D105: Serviços | E105: m | F105: 4.260,0000000 | H105: 124,63 | J105: 530.923,80 | L105: 530923.8 | M105: 0,18% | N105: 2.2901112e+08 | O105: 78,78%
A106: SE0301 | B106: Próprio | C106: Montagem, comissionamento e testes de transformador a seco para grupo retificador de 2000 kW, conforme Projeto Básico. | D106: Serviços | E106: cj | F106: 4,0000000 | H106: 130.957,30 | J106: 523.829,20 | L106: 523829.2 | M106: 0,18% | N106: 2.2953495e+08 | O106: 78,96%
A107: 00003324 | B107: SINAPI | C107: GRAMA BATATAIS EM PLACAS, SEM PLANTIO | D107: Material | E107: m² | F107: 53.111,3600000 | H107: 9,85 | J107: 523.146,90 | L107: 523146.9 | M107: 0,18% | N107: 2.3005809e+08 | O107: 79,14%
A108: IN0444 | B108: Próprio | C108: TUNNEL LINER DE CHAPA EPÓXI - E = 2,2 MM E D = 2,60 M, COM REVESTIMENTO INTERNO DE CONCRETO A 360° DE RECOBRIMENTO. | D108: Material | E108: M | F108: 68,9500000 | H108: 7.373,00 | J108: 508.368,35 | L108: 508368.35 | M108: 0,17% | N108: 2.3056646e+08 | O108: 79,31%
A109: M2426 | B109: SICRO3 | C109: Cordoalha engraxada tipo CP 190 RB - D = 12,7 mm | D109: Material | E109: kg | F109: 36.708,0000000 | H109: 13,78 | J109: 505.883,96 | L109: 505883.96 | M109: 0,17% | N109: 2.3107235e+08 | O109: 79,49%
A110: E9515 | B110: SICRO3 | C110: Escavadeira hidráulica sobre esteiras com caçamba com capacidade de 1,56 m³ - 118 kW | D110: Equipamento | E110: UN | F110: 1.512,9089506 | G110: 0,0000000 | H110: 329,51 | I110: 145,93 | J110: 498.524,23 | K110: 0,00 | L110: 498524.23 | M110: 0,17% | N110: 2.3157087e+08 | O110: 79,66%
A111: 00000867 | B111: SINAPI | C111: CABO DE COBRE NU 50 MM2 MEIO-DURO | D111: Material | E111: M | F111: 10.953,1800000 | H111: 45,14 | J111: 494.426,55 | L111: 494426.55 | M111: 0,17% | N111: 2.320653e+08 | O111: 79,83%
A112: IN0793 | B112: Próprio | C112: Pó de Pedra | D112: Material | E112: m³ | F112: 9.081,0282752 | H112: 54,00 | J112: 490.375,53 | L112: 490375.53 | M112: 0,17% | N112: 2.3255567e+08 | O112: 80,00%
A113: E9579 | B113: SICRO3 | C113: Caminhão basculante com capacidade de 10 m³ - 188 kW | D113: Equipamento | E113: UN | F113: 1.674,6540272 | G113: 164,7596912 | H113: 282,29 | I113: 78,26 | J113: 472.746,29 | K113: 12.894,09 | L113: 485640.38 | M113: 0,17% | N113: 2.3304131e+08 | O113: 80,17%
A114: 00011145 | B114: SINAPI | C114: CONCRETO USINADO BOMBEAVEL, CLASSE DE RESISTENCIA C35, COM BRITA 0 E 1, SLUMP = 100 +/- 20 MM, INCLUI SERVICO DE BOMBEAMENTO (NBR 8953) | D114: Material | E114: m³ | F114: 1.038,7833400 | H114: 464,09 | J114: 482.088,96 | L114: 482088.96 | M114: 0,17% | N114: 2.335234e+08 | O114: 80,33%
A115: M1376 | B115: SICRO3 | C115: Chapa fina em aço ASTM A36 | D115: Material | E115: kg | F115: 27.849,7635200 | H115: 17,25 | J115: 480.380,57 | L115: 480380.57 | M115: 0,17% | N115: 2.3400378e+08 | O115: 80,50%
A116: 00001345 | B116: SINAPI | C116: CHAPA/PAINEL DE MADEIRA COMPENSADA PLASTIFICADA (MADEIRITE PLASTIFICADO) PARA FORMA DE CONCRETO, DE 2200 x 1100 MM, E = *17* MM | D116: Material | E116: m² | F116: 4.321,5435892 | H116: 111,06 | J116: 479.950,63 | L116: 479950.63 | M116: 0,17% | N116: 2.3448373e+08 | O116: 80,66%
A117: 00034492 | B117: SINAPI | C117: CONCRETO USINADO BOMBEAVEL, CLASSE DE RESISTENCIA C20, COM BRITA 0 E 1, SLUMP = 100 +/- 20 MM, EXCLUI SERVICO DE BOMBEAMENTO (NBR 8953) | D117: Material | E117: m³ | F117: 1.201,1049960 | H117: 392,50 | J117: 471.433,71 | L117: 471433.71 | M117: 0,16% | N117: 2.3495517e+08 | O117: 80,82%
A118: 00037372 | B118: SINAPI | C118: EXAMES - HORISTA (COLETADO CAIXA) | D118: Outros | E118: H | F118: 577.855,7896370 | H118: 0,81 | J118: 468.063,19 | L118: 468063.19 | M118: 0,16% | N118: 2.3542323e+08 | O118: 80,99%
A119: 00003992 | B119: SINAPI | C119: TABUA APARELHADA *2,5 X 30* CM, EM MACARANDUBA, ANGELIM OU EQUIVALENTE DA REGIAO | D119: Material | E119: M | F119: 13.284,3105006 | H119: 34,57 | J119: 459.238,61 | L119: 459238.61 | M119: 0,16% | N119: 2.3588247e+08 | O119: 81,14%
A120: SE0304 | B120: Próprio | C120: Montagem, comissionamento e testes de Retificador de 2750kW, conforme Projeto Básico. | D120: Serviços | E120: cj | F120: 2,0000000 | H120: 228.972,93 | J120: 457.945,86 | L120: 457945.86 | M120: 0,16% | N120: 2.3634041e+08 | O120: 81,30%
A121: 00001524 | B121: SINAPI | C121: CONCRETO USINADO BOMBEAVEL, CLASSE DE RESISTENCIA C20, COM BRITA 0 E 1, SLUMP = 100 +/- 20 MM, INCLUI SERVICO DE BOMBEAMENTO (NBR 8953) | D121: Material | E121: m³ | F121: 1.078,1868140 | H121: 423,74 | J121: 456.870,88 | L121: 456870.88 | M121: 0,16% | N121: 2.3679729e+08 | O121: 81,46%
A122: 00000247 | B122: SINAPI | C122: AJUDANTE DE ELETRICISTA (HORISTA) | D122: Mão de Obra | E122: H | F122: 36.966,3410138 | H122: 12,35 | J122: 456.534,31 | L122: 456534.31 | M122: 0,16% | N122: 2.3725382e+08 | O122: 81,62%
A123: SE0341 | B123: Próprio | C123: Montagem, comissionamento e testes do Painel de Entrada de Energia (PEE/SAM) formado por 4 cubículos de 15 kV. Inclusa toda a infraestrutura necessária para implantação PEE, conforme desenhos DG.3/EE.36/00.101, DE.3/EE.36/00.103 e DE.3/EE.36/00.104. | D123: Serviços | E123: un | F123: 1,0000000 | H123: 442.628,97 | J123: 442.628,97 | L123: 442628.97 | M123: 0,15% | N123: 2.3769645e+08 | O123: 81,77%
A124: SE0303 | B124: Próprio | C124: Montagem, comissionamento e testes de Retificador de 2000 kW, conforme Projeto Básico. | D124: Serviços | E124: cj | F124: 4,0000000 | H124: 110.000,76 | J124: 440.003,04 | L124: 440003.04 | M124: 0,15% | N124: 2.3813645e+08 | O124: 81,92%
A125: IN0477 | B125: Próprio | C125: Fornecimento de Painel de Distribuição de corrente contínua, tensão nominal 125 Vcc, constituído de um alimentadores de entrada de 100A. O painel deverá ser dotado de medição sendo um voltímetro escala 0-150 V, um amperímetro escala 0-100 A. Confeccionado em uma coluna de 800x800x2300mm. O painel deverá atender as características técnicas conforme a especificação ET.4/EB.99/60.201. | D125: Material | E125: un | F125: 3,0000000 | H125: 145.000,00 | J125: 435.000,00 | L125: 435000 | M125: 0,15% | N125: 2.3857145e+08 | O125: 82,07%
... A130: M2173 | B130: SICRO3 | C130: Tubo de concreto armado PA3 - D = 0,80 m | D130: Material | E130: m | F130: 911,8000000 | H130: 443,24 | J130: 404.147,87 | L130: 404147.87 | M130: 0,14% | N130: 2.4064432e+08 | O130: 82,78%
A131: E9592 | B131: SICRO3 | C131: Caminhão carroceria com capacidade de 15 t - 188 kW | D131: Equipamento | E131: UN | F131: 1.316,4329468 | G131: 545,4949246 | H131: 267,96 | I131: 71,03 | J131: 352.755,98 | K131: 38.746,50 | L131: 391502.48 | M131: 0,13% | N131: 2.4103582e+08 | O131: 82,92%
A132: 00040441 | B132: SINAPI | C132: GABIAO TIPO CAIXA PARA SOLO REFORCADO, MALHA HEXAGONAL 8 X 10 CM (ZN/AL REVESTIDO COM POLIMERO), FIO 2,7 MM, DIMENSOES 2,0 X 1,0 X 1,0 M, COM CAUDA DE 4,0 M | D132: Material | E132: m³ | F132: 827,6836700 | H132: 472,71 | J132: 391.254,35 | L132: 391254.35 | M132: 0,13% | N132: 2.4142708e+08 | O132: 83,05%
A133: P9805 | B133: SICRO3 | C133: Armador | D133: Mão de Obra | E133: h | F133: 15.785,1251181 | H133: 24,74 | J133: 390.473,48 | L133: 390473.48 | M133: 0,13% | N133: 2.4181755e+08 | O133: 83,19%
A134: IN0207 | B134: Próprio | C134: PISO EM GRANITO CINZA ANDORINHA, COM ACABAMENTO LEVIGADO 40 X 40 CM E ESP=2 CM SOBRE PISO REGULARIZADO , COM JUNTAS SECAS. | D134: Material | E134: m² | F134: 2.477,1336000 | H134: 157,00 | J134: 388.909,98 | L134: 388909.98 | M134: 0,13% | N134: 2.4220646e+08 | O134: 83,32%
A135: SE0438 | B135: Próprio | C135: Fornecimento de uma equipe de profissionais com formação, experiência e especialização necessárias para a execução dos trabalhos de acompanhamento técnico e operacional. | D135: Serviços | E135: mês | F135: 3,0000000 | H135: 127.500,00 | J135: 382.500,00 | L135: 382500 | M135: 0,13% | N135: 2.4258896e+08 | O135: 83,45%
A136: IN0497 | B136: Próprio | C136: Fornecimento de Painel de Distribuição de corrente contínua, tensão nominal 125 Vcc. O painel deverá atender as características técnicas conforme a especificação ET.4/EC.99/33.402. | D136: Material | E136: un | F136: 2,0000000 | H136: 188.107,78 | J136: 376.215,56 | L136: 376215.56 | M136: 0,13% | N136: 2.4296518e+08 | O136: 83,58%
A137: M2184 | B137: SICRO3 | C137: Tubo de concreto armado PA2 - D = 1,50 m | D137: Material | E137: m | F137: 344,5000000 | H137: 1.087,87 | J137: 374.771,97 | L137: 374771.97 | M137: 0,13% | N137: 2.4333995e+08 | O137: 83,71%
A138: 00006117 | B138: SINAPI | C138: CARPINTEIRO AUXILIAR (HORISTA) | D138: Mão de Obra | E138: H | F138: 28.769,0979219 | H138: 12,79 | J138: 367.956,76 | L138: 367956.76 | M138: 0,13% | N138: 2.4370791e+08 | O138: 83,84%
A139: IN0442 | B139: Próprio | C139: TUNNEL LINER DE CHAPA EPÓXI - E = 3,9 MM E D = 5,00 M, COM REVESTIMENTO INTERNO DE CONCRETO A 360° DE RECOBRIMENTO. | D139: Material | E139: M | F139: 16,3700000 | H139: 22.266,00 | J139: 364.494,42 | L139: 364494.42 | M139: 0,13% | N139: 2.440724e+08 | O139: 83,96%
A140: SE0338 | B140: Próprio | C140: Montagem, comissionamento e testes de Sistema Curtocircuitador Negativo-Terra automatizado, para proteção de tensão de toque, montado em painel de sobrepor, uso interno, isolação IP30. Capacidade de corrente 1000A, corrente de pico 70 kA/ 20 ms e entrada de cabos pela parte inferior do painel. | D140: Serviços | E140: un | F140: 3,0000000 | H140: 120.380,88 | J140: 361.142,64 | L140: 361142.64 | M140: 0,12% | N140: 2.4443354e+08 | O140: 84,09%
A141: SE0313 | B141: Próprio | C141: Montagem, comissionamento e testes da cablagem de interligação dos transformadores de tração com os retificadores nas SRs 64 e 65 (300mm²). | D141: Serviços | E141: m | F141: 1.800,0000000 | H141: 200,00 | J141: 360.000,00 | L141: 360000 | M141: 0,12% | N141: 2.4479354e+08 | O141: 84,21%
A142: 00004517 | B142: SINAPI | C142: SARRAFO *2,5 X 7,5* CM EM PINUS, MISTA OU EQUIVALENTE DA REGIAO - BRUTA | D142: Material | E142: M | F142: 107.693,3902508 | H142: 3,29 | J142: 354.311,25 | L142: 354311.25 | M142: 0,12% | N142: 2.4514786e+08 | O142: 84,33%
A143: E9540 | B143: SICRO3 | C143: Trator sobre esteiras com lâmina - 127 kW | D143: Equipamento | E143: UN | F143: 1.414,7491179 | G143: 0,0000000 | H143: 245,63 | I143: 84,65 | J143: 347.505,82 | K143: 0,00 | L143: 347505.82 | M143: 0,12% | N143: 2.4549536e+08 | O143: 84,45%
A144: 00004059 | B144: SINAPI | C144: MEIO-FIO OU GUIA DE CONCRETO, PRE-MOLDADO, COMP 1 M, *30 X 12/15* CM (H X L1/L2) | D144: Material | E144: M | F144: 10.699,9837500 | H144: 32,34 | J144: 346.037,47 | L144: 346037.47 | M144: 0,12% | N144: 2.458414e+08 | O144: 84,57%
A145: 00036785 | B145: SINAPI | C145: GRANALHA DE ACO, ANGULAR (GRIT), PARA JATEAMENTO, PENEIRA 1,41 A 1,19 MM (SAE G16) | D145: Equipamento | E145: SC25KG | F145: 2.509,0319360 | H145: 136,96 | J145: 343.637,01 | L145: 343637.01 | M145: 0,12% | N145: 2.4618504e+08 | O145: 84,69%
A146: 00043681 | B146: SINAPI | C146: CHAPA/PAINEL DE MADEIRA COMPENSADA RESINADA (MADEIRITE RESINADO ROSA) PARA FORMA DE CONCRETO, DE 2200 x 1100 MM, E = 8 A 12 MM | D146: Material | E146: m² | F146: 8.234,3972612 | H146: 41,32 | J146: 340.245,29 | L146: 340245.29 | M146: 0,12% | N146: 2.4652528e+08 | O146: 84,80%
A147: IN0527 | B147: Próprio | C147: FORNECIMENTO DE ELEVADOR INCLUINDO: FERRAMENTAS E DISPOSITIVOS ESPECIAIS, DESENHO E DETALHES DOS SOBRESSALENTES, GUARDA DO EQUIPAMENTO ATÉ SUA INSTALAÇÃO, TRANSPORTE ATÉ BRASÍLIA, TRANSPORTE ATÉ O LOCAL DE INSTALAÇÃO, GARANTA POR NO MÍNIMO 12 MESES, CONFORME MD.3/AL.35/00.001 E ET.3/AL.99/00.001 | D147: Material | E147: un | F147: 2,0000000 | H147: 169.757,10 | J147: 339.514,20 | L147: 339514.2 | M147: 0,12% | N147: 2.468648e+08 | O147: 84,92%
A148: SE0076 | B148: Próprio | C148: CANTEIRO DE OBRAS ESTAÇÃO 35 | D148: Mão de Obra | E148: UN | F148: 1,0000000 | H148: 332.748,29 | J148: 332.748,29 | L148: 332748.29 | M148: 0,11% | N148: 2.4719754e+08 | O148: 85,04%
A149: SE0077 | B149: Próprio | C149: CANTEIRO DE OBRAS ESTAÇÃO 36 | D149: Mão de Obra | E149: UN | F149: 1,0000000 | H149: 332.748,29 | J149: 332.748,29 | L149: 332748.29 | M149: 0,11% | N149: 2.4753029e+08 | O149: 85,15%
A150: E9660 | B150: SICRO3 | C150: Guindaste móvel sobre esteiras com capacidade de 40 t - 186 kW | D150: Equipamento | E150: UN | F150: 833,4487726 | G150: 0,0000000 | H150: 392,96 | I150: 190,71 | J150: 327.510,03 | K150: 0,00 | L150: 327510.03 | M150: 0,11% | N150: 2.478578e+08 | O150: 85,26%
A151: PEX.SAM 112 | B151: Próprio | C151: PROJETO EXECUTIVO DA REDE DE ALIMENTAÇÃO | D151: Verba | E151: CJ | F151: 1,1000000 | H151: 294.676,84 | J151: 324.144,52 | L151: 324144.52 | M151: 0,11% | N151: 2.4818195e+08 | O151: 85,37%
...
